 Dungeon Crawl Stone Soup version 0.32-a0-132-g2d33c3c (webtiles) character file.

Game seed: 15786930477897109931

2758165 jagoly the Kobold of Death (level 27, 184/184 HPs)
             Began as a Kobold Necromancer on Feb 8, 2024.
             Was a High Priest of Sif Muna.
             Escaped with the Orb
             ... and 5 runes on Feb 9, 2024!
             The game lasted 12:50:59 (85379 turns).

jagoly the Kobold of Death (Kobold Necromancer)    Turns: 85379, Time: 12:50:59

Health: 184/184    AC: 13    Str: 12    XL:     27
Magic:  45/45      EV: 23    Int: 34    God:    Sif Muna [*****.]
Gold:   6760       SH:  9    Dex: 13    Spells: 2/62 levels left

rFire   + + +        a - +9 quick blade (drain) {!a}
rCold   + + .        q - +3 buckler of Okawaru's Hope {rF- rC+ rN+}
rNeg    + + .        e - +1 robe of the Rhinotaur {rElec Slay+5}
rPois   +            j - -2 hat of the Alchemist {rElec rPois rF+ rC+ rN+ Will+ rMut rCorr}
rElec   +            m - scarf {rC+ rF+}
rCorr   +            s - +2 pair of gloves
SInv    +            O - +2 pair of boots {Fly}
Will    +++++        o - amulet of the Cockatrice {Faith ^Fragile Will++ Regen+ rCorr}
Stlth   ++           M - ring of the Amoeba {^Drain rF++ AC+4}
HPRegen 1.30/turn    K - ring of Fallacy {*Corrode rC- Will+ Int+8 SInv}
MPRegen 0.29/turn

%: corrode self (3%), resist mutation, faith
@: flying
A: small, no large weapons, nightstalker 3, iridescent scales 1, clumsy 1,
strong 1
0: Orb of Zot
}: 5/15 runes: barnacled, slimy, silver, abyssal, gossamer
a: Renounce Religion, Channel Magic, Forget Spell, Divine Exegesis


You escaped.
You worshipped Sif Muna.
Sif Muna was extremely pleased with you.
You visited 12 branches of the dungeon, and saw 56 of its levels.
You visited the Abyss 1 time.
You also visited: Trove, Gauntlet, Ice Cave and Wizlab.

You collected 9077 gold pieces.
You spent 2317 gold pieces at shops.

Inventory:

Hand Weapons
 a - a +9 quick blade of draining (weapon) {!a}
 b - the +9 dagger "Lymaxoad" {spect, rPois}
   (You found it on level 3 of the Dungeon)

   rPois:     It protects you from poison
Missiles
 f - 14 poisoned darts
 g - 8 curare-tipped darts
 h - 5 throwing nets
 r - 6 darts of dispersal
Armour
 e - the +1 robe of the Rhinotaur (worn) {rElec Slay+5}
   (You took it off a deep elf high priest on level 3 of the Elven Halls)

   Slay+5:    It affects your accuracy & damage with ranged weapons and melee
   (+5).
   rElec:     It insulates you from electricity.
 j - the -2 hat of the Alchemist (worn) {rElec rPois rF+ rC+ rN+ Will+ rMut rCorr}
   (You found it on level 4 of the Spider Nest)

   rF+:       It protects you from fire.
   rC+:       It protects you from cold.
   rElec:     It insulates you from electricity.
   rPois:     It protects you from poison rN+: It protects you from negative
   energy.
   Will+:     It increases your willpower.
   rCorr:     It protects you from acid and corrosion.
   rMut:      It protects you from mutation.
 m - a scarf of resistance (worn)
 q - the +3 buckler of Okawaru's Hope (worn) {rF- rC+ rN+}
   (You bought it in a shop on level 9 of the Dungeon)

   rF-:       It makes you vulnerable to fire.
   rC+:       It protects you from cold.
   rN+:       It protects you from negative energy.
 s - a +2 pair of gloves (worn)
 O - a +2 pair of boots of flying (worn)
Jewellery
 o - the amulet of the Cockatrice (around neck) {Faith ^Fragile Will++ Regen+ rCorr}
   (You found it on level 5 of the Pits of Slime)

   [amulet of faith]

   Faith:     It allows you to gain divine favour quickly.
   Will++:    It greatly increases your willpower.
   Regen+:    It increases your rate of health regeneration.
   rCorr:     It protects you from acid and corrosion.
   ^Fragile:  It will be destroyed if unequipped.
 K - the ring of Fallacy (right hand) {*Corrode rC- Will+ Int+8 SInv}
   (You acquired it on level 4 of the Spider Nest)

   [ring of willpower]

   Int+8:     It affects your intelligence (+8).
   rC-:       It makes you vulnerable to cold.
   Will+:     It increases your willpower.
   SInv:      It lets you see invisible.
   *Corrode:  It may corrode you when you take damage.
 M - the ring of the Amoeba (left hand) {^Drain rF++ AC+4}
   (You found it in a treasure trove)

   [ring of protection]

   AC+4:      It affects your AC (+4).
   rF++:      It greatly protects you from fire.
   ^Drain:    It drains your maximum health when unequipped.
 U - the ring of Xom's Malicious Joy {rN+ Will+ Int+4}
   (You found it in a treasure trove)

   [ring of positive energy]

   Int+4:     It affects your intelligence (+4).
   rN+:       It protects you from negative energy.
   Will+:     It increases your willpower.
Wands
 c - a wand of acid (25)
 u - a wand of mindburst (33)
 B - a wand of digging (21)
 J - a wand of flame (196)
 Z - a wand of iceblast (53)
Scrolls
 d - a scroll of revelation
 k - 2 scrolls of summoning
 n - 9 scrolls of vulnerability
 x - 6 scrolls of immolation
 y - 5 scrolls of torment
 F - 7 scrolls of fog
 I - 7 scrolls of fear
 L - 11 scrolls of poison
 Q - 17 scrolls of teleportation
 R - 2 scrolls of blinking
Potions
 i - 9 potions of resistance
 l - 3 potions of magic
 p - 2 potions of haste
 t - 11 potions of enlightenment
 v - 12 potions of brilliance
 z - 3 potions of mutation
 C - 4 potions of heal wounds
 D - 9 potions of curing
 S - 6 potions of cancellation
 T - a potion of ambrosia
 W - 3 potions of invisibility
 Y - 5 potions of might
Miscellaneous
 w - a lightning rod (4/4)
 A - a phantom mirror
 H - a condenser vane
 V - a phial of floods
 X - a box of beasts


   Skills:
 + Level 22.0 Fighting
 - Level 14.0 Short Blades
 - Level 2.0 Throwing
 - Level 18.0 Dodging
 - Level 10.0 Stealth
 - Level 8.0 Shields
 - Level 18.0 Spellcasting
 - Level 12.0 Conjurations
 - Level 2.0 Hexes
 - Level 16.0 Summonings
 O Level 27 Necromancy
 - Level 4.0 Translocations
 - Level 12.0 Earth Magic
 - Level 14.0 Invocations
 - Level 10.0 Evocations


You had 2 spell levels left.
You knew the following spells:

 Your Spells              Type           Power      Damage    Failure   Level
b - Borgnjor's Vile Clut  Necr/Erth      52%        N/A       0%          5
d - Dispel Undead         Necr           100%       3d31      0%          4
f - Infestation           Necr           60%        N/A       1%          8
h - Haunt                 Necr/Summ      54%        N/A       1%          7
x - Bombard               Conj/Erth      42%        9d7       1%          6
B - Blink                 Tloc           100%       N/A       1%          2
C - Death Channel         Necr           60%        N/A       0%          6
G - Monstrous Menagerie   Summ           48%        N/A       1%          7
L - Death's Door          Necr           60%        N/A       2%          9
X - Iskenderun's Mystic   Conj/Tloc      71%        2d14      1%          4
Z - Sublimation of Blood  Necr           100%       N/A       0%          2

Your spell library contained the following spells:

 Spells                   Type           Power      Damage    Failure   Level
 Kiss of Death            Conj/Necr      100%       2d13      0%          1
 Magic Dart               Conj           100%       1d8       0%          1
 Necrotise                Necr           100%       1d9       0%          1
 Sandblast                Erth           100%       2d20      0%          1
 Summon Small Mammal      Summ           100%       N/A       0%          1
 Call Imp                 Summ           100%       N/A       0%          2
 Searing Ray              Conj           100%       2d8       0%          2
 Apportation              Tloc           100%       N/A       1%          1
 Foxfire                  Conj/Fire      100%       2x1d9     1%          1
 Freeze                   Ice            100%       1d10      1%          1
 Shock                    Conj/Air       100%       1d9       1%          1
 Slow                     Hex            100%       N/A       1%          1
 Sting                    Conj/Alch      100%       1d9       1%          1
 Cigotuvi's Dreadful Rot  Necr/Alch/Air  100%       N/A       1%          2
 Ensorcelled Hibernation  Hex/Ice        74%        N/A       1%          2
 Jinxbite                 Hex            88%        N/A       1%          2
 Lesser Beckoning         Tloc           100%       N/A       1%          2
 Momentum Strike          Conj/Tloc      100%       3d10      1%          2
 Static Discharge         Conj/Air       100%       3-8/arc   1%          2
 Mercury Vapours          Alch/Air       60%        N/A       2%          2
 Scorch                   Fire           60%        2d7       2%          2
 Call Canine Familiar     Summ           96%        N/A       0%          3
 Fugue of the Fallen      Necr           100%       N/A       0%          3
 Vampiric Draining        Necr           100%       2d13      0%          3
 Animate Dead             Necr           100%       N/A       0%          4
 Martyr's Knell           Necr/Summ      100%       N/A       0%          4
 Curse of Agony           Necr           100%       N/A       0%          5
 Confusing Touch          Hex            44%        N/A       1%          3
 Dazzling Flash           Conj/Hex       100%       N/A       1%          3
 Gell's Gravitas          Tloc           55%        N/A       1%          3
 Hailstorm                Conj/Ice       63%        3d12      1%          3
 Mephitic Cloud           Conj/Alch/Air  55%        N/A       1%          3
 Passwall                 Erth           84%        N/A       1%          3
 Sigil of Binding         Hex            44%        N/A       1%          3
 Stone Arrow              Conj/Erth      100%       3d13      1%          3
 Summon Ice Beast         Ice/Summ       71%        N/A       1%          3
 Teleport Other           Tloc           55%        N/A       1%          3
 Tukima's Dance           Hex            44%        N/A       1%          3
 Volatile Blastmotes      Fire/Tloc      88%        2d17      1%          3
 Anguish                  Hex/Necr       46%        N/A       1%          4
 Animate Armour           Summ/Erth      100%       N/A       1%          4
 Brom's Barrelling Bould  Conj/Erth      84%        2d10      1%          4
 Flame Wave               Conj/Fire      63%        2d15      1%          4
 Fulminant Prism          Conj/Alch      31%        3d15      1%          4
 Leda's Liquefaction      Alch/Erth      31%        N/A       1%          4
 Petrify                  Alch/Erth      63%        N/A       1%          4
 Summon Blazeheart Golem  Fire/Summ      71%        N/A       1%          4
 Summon Lightning Spire   Summ/Air       71%        N/A       1%          4
 Iskenderun's Battlesphe  Conj           84%        2d13      1%          5
 Lee's Rapid Deconstruct  Erth           42%        3d20*     1%          5
 Summon Forest            Summ/Tloc      39%        N/A       1%          5
 Summon Mana Viper        Hex/Summ       75%        N/A       1%          5
 Summon Cactus Giant      Summ           48%        N/A       1%          6
 Summon Hydra             Summ           48%        N/A       1%          7
 Borgnjor's Revivificati  Necr           60%        N/A       1%          8
 Manifold Assault         Tloc           55%        N/A       2%          4
 Passage of Golubria      Tloc           55%        N/A       2%          4
 Inner Flame              Hex/Fire       37%        N/A       3%          3
 Arcjolt                  Conj/Air       31%        1d41      3%          5
 Fireball                 Conj/Fire      31%        3d13      3%          5
 Irradiate                Conj/Alch      31%        3d22      3%          5
 Frozen Ramparts          Ice            60%        1d10      4%          3
 Ozocubu's Armour         Ice            30%        N/A       4%          3
 Swiftness                Air            30%        N/A       4%          3
 Dimensional Bullseye     Hex/Tloc       25%        N/A       4%          4
 Spellforged Servitor     Conj/Summ      45%        N/A       4%          7
 Cause Fear               Hex            22%        N/A       6%          4
 Vhi's Electric Charge    Tloc/Air       88%        N/A       6%          4
 Freezing Cloud           Conj/Ice/Air   27%        6-21      8%          5
 Orb of Destruction       Conj           42%        9d12      9%          7
 Airstrike                Air            15%        2d(3-19)  14%         4
 Ignite Poison            Fire/Alch      30%        N/A       14%         4
 Olgreb's Toxic Radiance  Alch           30%        N/A       14%         4
 Sticky Flame             Fire/Alch      30%        2d7       14%         4
 Summon Horrible Things   Summ           48%        N/A       14%         8
 Conjure Ball Lightning   Conj/Air       31%        3x3d10    19%         6
 Starburst                Conj/Fire      31%        6d10      19%         6
 Malign Gateway           Summ/Tloc      39%        N/A       21%         7
 Metabolic Englaciation   Hex/Ice        18%        N/A       26%         5
 Silence                  Hex/Air        18%        N/A       26%         5
 Yara's Violent Unravell  Hex/Alch       18%        3d9       26%         5
 Dispersal                Tloc           27%        N/A       41%         6
 Lehudib's Crystal Spear  Conj/Erth      42%        10d10     56%         8
 Dragon's Call            Summ           48%        N/A       91%         9
 Eringya's Noxious Bog    Alch           15%        4d6       92%         6
 Plasma Beam              Fire/Air       15%        2x1d26    92%         6
 Sculpt Simulacrum        Ice/Alch       15%        N/A       92%         6
 Enfeeble                 Hex            22%        N/A       99%         7
 Ozocubu's Refrigeration  Ice            15%        4d10      100%        7
 Discord                  Hex            22%        N/A       100%        8
 Disjunction              Tloc           27%        N/A       100%        8
 Ignition                 Fire           15%        3d6       100%        8
 Maxwell's Capacitive Co  Air            15%        ∞         100%        8
 Chain Lightning          Conj/Air       31%        3d42      100%        9
 Fire Storm               Conj/Fire      31%        8d8       100%        9
 Polar Vortex             Ice            15%        12d2*     100%        9
 Shatter                  Erth           42%        3d33*     100%        9


Dungeon Overview and Level Annotations

Branches:
Dungeon (15/15)            Temple (1/1) D:5            Lair (5/5) D:10
 Shoals (4/4) Lair:2       Spider (4/4) Lair:2        Slime (5/5) Lair:4
    Orc (2/2) D:10            Elf (3/3) Orc:2        Vaults (5/5) D:14
  Crypt (3/3) Vaults:3       Tomb (0/3) Crypt:3      Depths (4/4) D:15
    Zot (5/5) Depths:4      IceCv (visited)          WizLab (visited)
Gauntlet (visited)

Altars:
Ashenzari
Cheibriados
Dithmenos
Elyvilon
Fedhas
Gozag
Hepliaklqana
Kikubaaqudgha
Makhleb
Nemelex Xobeh
Okawaru
Qazlal
Ru
Sif Muna
Trog
Uskayaw
Vehumet
Wu Jian
Xom
Yredelemnul
Zin
The Shining One

Shops:
D:7 ?   D:8 ??!   D:9 *   D:12 (   D:15 *   Orc:2 (:[?[   Shoals:3 ?
Vaults:2 =   Vaults:4 (

Portals:
Hell: Depths:1 Depths:2 Depths:3 Depths:4
Abyss: Depths:3
Pandemonium: Depths:1 Depths:2 Depths:4
Ziggurat: Depths:1

Annotations:
Depths:1 1 runed translucent door, Zagger's ghost, veteran DjFE
Zot:1 2 transporters
Zot:4 1 transporter


Innate Abilities, Weirdness & Mutations

You are small and have problems with some larger weapons.
You are completely attuned to the shadows.
You are partially covered in iridescent scales. (AC +2)
You are clumsy. (Dex -2)
Your muscles are strong. (Str +4, Int/Dex -1)


Message History

You hit the Orb Guardian but do no damage. x2
The Orb Guardian misses you.
You puncture the Orb Guardian! You drain the Orb Guardian.
You barely miss the Orb Guardian.
The Orb Guardian is moderately wounded.
You closely miss the Orb Guardian.
You hit the Orb Guardian but do no damage.
You drain the Orb Guardian.
The Orb Guardian is moderately wounded.
The Orb Guardian hits you!!
You completely miss the Orb Guardian. You puncture the Orb Guardian!
You drain the Orb Guardian.
The Orb Guardian is heavily wounded.
The Orb Guardian hits you!
You hit the Orb Guardian. x2
The Orb Guardian is heavily wounded.
You block the Orb Guardian's attack.
A red film seems to cover your vision as you go berserk!
You feel yourself moving faster!
You feel mighty!
You puncture the Orb Guardian! You drain the Orb Guardian.
You closely miss the Orb Guardian.
The Orb Guardian is severely wounded.
You puncture the Orb Guardian! You closely miss the Orb Guardian.
The Orb Guardian is almost dead.
The Orb Guardian misses you.
You hit the Orb Guardian but do no damage.
You puncture the Orb Guardian!
You kill the Orb Guardian!
Sif Muna accepts your kill.
You feel a strong urge to attack something.
You feel your anger nearly subside.
Do you really want to fly into the Zot trap? (Confirm with "yes".)
Okay, then.
You are no longer berserk.
You are exhausted.
You feel yourself slow down.
You see here a +10 club of freezing.
You start resting.
HP restored.
You start resting.
You feel yourself speed up.
You start resting.
HP restored.
You start removing your armour.
You continue taking off the -2 hat of the Alchemist {rElec rPois rF+ rC+ rN+ Will+ rMut rCorr}. x2
You recover from your berserk rage.
You continue taking off the -2 hat of the Alchemist {rElec rPois rF+ rC+ rN+ Will+ rMut rCorr}. x2
You finish taking off the -2 hat of the Alchemist {rElec rPois rF+ rC+ rN+ Will+ rMut rCorr}.
You feel extremely strange.
You feel more encumbered by your armour.
You no longer become unable to drink potions after taking damage.
You feel weaker.
You feel the urge to shout.
You feel extremely strange.
You feel more energetic.
You feel a little more calm.
Your urge to shout disappears.
You feel clumsy.
You feel stronger.
Iridescent scales grow over part of your body.
Okay, then.
You start putting on your armour.
You continue putting on the -2 hat of the Alchemist {rElec rPois rF+ rC+ rN+ Will+ rMut rCorr}. x4
You finish putting on the -2 hat of the Alchemist {rElec rPois rF+ rC+ rN+ Will+ rMut rCorr}.
You see here a +10 club of freezing.
Magic restored.
You see here the Orb of Zot.
You now have 6726 gold pieces (gained 31).
Found a scroll of revelation.
Things that are here:
a +8 antimagic club; a Killer Klown skeleton
d - a scroll of revelation
Found a ring of ice.
You now have 6760 gold pieces (gained 34).
Key pressed, stopping explore.
You see here a ring of ice.
Key pressed, stopping explore.
Unknown command.
Search for what [Enter for "blink", or ? for help]? orb You see here the Orb of Zot.
You pick up the Orb of Zot!
The Orb lets out an ear-shattering shriek!
The lords of Pandemonium are not amused.
Beware!
Now all you have to do is get back out of the dungeon!
You enter a permanent teleport trap!
Your surroundings suddenly seem different.
Unknown command.
You enter a permanent teleport trap!
Your surroundings suddenly seem different.
An Eragunk and a sixfirhy come into view.
Things that are here:
a +0 long sword; a +0 cloak; a +0 halberd Eragunk moves out of view.
You see here a +0 short sword.
Cast which spell? (? or * to list)
Aiming: Borgnjor's Vile Clutch (safe; 0% risk of failure)
Press: ? - help, Shift-Dir - straight line, f - Eragunk
Aim: Eragunk (100% to hit)
Okay, then.
Unknown command.
Press: ? - help, v - describe, . - travel, g - get item
Here: Eragunk
Items here: a +0 long sword; a +0 cloak; a +0 halberd.
The floor, spattered with blood.
Cast which spell? (? or * to list)
Aiming: Borgnjor's Vile Clutch (safe; 0% risk of failure)
Press: ? - help, Shift-Dir - straight line, f - Eragunk
Aim: Eragunk (100% to hit)
Zombie hands grab Eragunk.
The zombie hands constrict Eragunk.
Eragunk struggles to escape constriction.
The zombie hands constrict Eragunk.
Eragunk struggles to escape constriction. x2
The zombie hands lose their grip on something.
There is a stone staircase leading up here.
You fly upwards.
Level annotation: 1 transporter
There is a stone staircase leading down here.
Unknown command.
What level of the Dungeon? (default 15, ? - help)
There is a stone staircase leading up here.
You fly upwards.
Magic restored.
There is a stone staircase leading down here.
There is a stone staircase leading up here.
You fly upwards.
There is a stone staircase leading down here.
You see here a +0 glaive.
You see here a +2 battleaxe of venom.
A profane servitor comes into view. It is wielding a +2 whip of freezing.
The profane servitor hits you with a +2 whip of freezing. x3
The profane servitor draws strength from your injuries!
The profane servitor barely misses you.
Cast which spell? (? or * to list)
Aiming: Dispel Undead (safe; 0% risk of failure)
Press: ? - help, Shift-Dir - straight line, f - profane servitor
Aim: a profane servitor, wielding a +2 whip of freezing (water, umbra, 100% to hit)
The profane servitor is dispelled!!!
The profane servitor hits you with a +2 whip of freezing!
The profane servitor draws strength from your injuries!
The profane servitor hits you with a +2 whip of freezing.
Cast which spell? (? or * to list)
Aiming: Dispel Undead (safe; 0% risk of failure)
Press: ? - help, Shift-Dir - straight line, f/p - profane servitor
Aim: a profane servitor, wielding a +2 whip of freezing (water, moderately damaged, umbra, 100% to hit)
The profane servitor is dispelled!!!
The profane servitor hits you with a +2 whip of freezing!
The profane servitor draws strength from your injuries!
The profane servitor freezes you.
The profane servitor hits you with a +2 whip of freezing.
You partially resist.
You feel drained.
The profane servitor completely misses you.
The profane servitor hits you with a +2 whip of freezing.
Cast which spell? (? or * to list)
Aiming: Dispel Undead (safe; 0% risk of failure)
Press: ? - help, Shift-Dir - straight line, f/p - profane servitor
Aim: a profane servitor, wielding a +2 whip of freezing (water, heavily damaged, umbra, 100% to hit)
The profane servitor is dispelled!!!
The profane servitor hits you with a +2 whip of freezing!!
The profane servitor draws strength from your injuries!
The profane servitor freezes you.
You block the profane servitor's attack.
Cast which spell? (? or * to list)
Aiming: Dispel Undead (safe; 0% risk of failure)
Press: ? - help, Shift-Dir - straight line, f/p - profane servitor
Aim: a profane servitor, wielding a +2 whip of freezing (water, severely damaged, umbra, 100% to hit)
The profane servitor is dispelled!!!
The profane servitor misses you.
The profane servitor hits you with a +2 whip of freezing.
You partially resist.
You feel drained.
The profane servitor hits you but does no damage.
The profane servitor hits you with a +2 whip of freezing.
Cast which spell? (? or * to list)
Aiming: Dispel Undead (safe; 0% risk of failure)
Press: ? - help, Shift-Dir - straight line, f/p - profane servitor
Aim: a profane servitor, wielding a +2 whip of freezing (water, almost destroyed, umbra, 100% to hit)
The profane servitor is dispelled!!!
You destroy the profane servitor!
Sif Muna accepts your kill.
You hear a splash.
Your life force feels restored.
A Brimstone Fiend comes into view.
You reach down and open the door.
Cast which spell? (? or * to list)
You erupt in a blast of force!
The mystic blast hits the Brimstone Fiend.
The Brimstone Fiend is lightly wounded.
The Brimstone Fiend is knocked back by the mystic blast.
There is an open door here.
You reach down and close the door.
There is a stone staircase leading up here.
You fly upwards.
Level annotation: 2 transporters
There is a stone staircase leading down, spattered with blood here.
You see here a +0 cloak.
You feel better.
You feel better.
What level of the Dungeon? (default 1, ? - help)
There is a fountain of clear blue water here.
A balrug and a sun demon come into view.
The balrug is wielding a +2 demon whip of venom.
Okay, then.
The sun demon shouts!
You see here a +0 halberd.
You see here a +0 hand axe.
You see here a +0 dire flail.
Cast which spell? (? or * to list)
Aiming: Borgnjor's Vile Clutch (safe; 0% risk of failure)
Press: ? - help, Shift-Dir - straight line, f - sun demon
Aim: a sun demon (100% to hit)
Zombie hands grab the sun demon.
The zombie hands constrict the sun demon!
You block the sun demon's attack. The balrug gestures at you.
The bolt of fire hits the sun demon.
The sun demon completely resists.
The bolt of fire misses you.
A sun demon comes into view.
The zombie hands constrict the sun demon!
The sun demon struggles to escape constriction.
The zombie hands constrict the sun demon.
The sun demon struggles to escape constriction.
The zombie hands constrict the sun demon!
The sun demon struggles to escape constriction.
The zombie hands lose their grip on something.
There is a gate leading back out of this place here.
The balrug gestures at you.
The fireball explodes!
The fireball engulfs you. You resist.
You fly up through the gate.
Welcome back to the Depths!
There is a gate to the Realm of Zot here.
What level of the Dungeon? (default 1, ? - help)
There is an open door here.
Things that are here:
a +0 kite shield; a +0 cloak; a +0 heavy war axe HP restored.
You see here a +0 hand axe.
Things that are here:
a +0 ring mail; a +0 long sword; a +0 arbalest
There is an open gate, spattered with blood here.
You see here a +0 flail.
There is an open door here.
There is an open door here.
Magic restored. 3 hell hounds come into view.
The hell hound barks!
The hell hound moves out of view. x2
Cast which spell? (? or * to list)
Aiming: Borgnjor's Vile Clutch (safe; 0% risk of failure)
Press: ? - help, Shift-Dir - straight line, f - hell hound
Aim: a hell hound (100% to hit)
Zombie hands grab the hell hound.
The zombie hands constrict the hell hound.
You block the hell hound's attack. x2
Cast which spell? (? or * to list)
Aiming: Borgnjor's Vile Clutch (safe; 0% risk of failure)
Press: ? - help, Shift-Dir - straight line, f - hell hound, p - hell hound
Aim: a hell hound (100% to hit)
Zombie hands grab the hell hound.
The zombie hands constrict the hell hound. x2
You hear a bark!
You block the hell hound's attack.
The hell hound bites you but does no damage.
The zombie hands constrict the hell hound! x2
The hell hound struggles to escape constriction. x2
The hell hound breathes flames at you. The blast of flame misses you.
The hell hound struggles to escape constriction.
The zombie hands constrict the hell hound!
The zombie hands constrict the hell hound.
The hell hound struggles to escape constriction. x2
The zombie hands constrict the hell hound!
You kill the hell hound!
Sif Muna accepts your kill.
The zombie hands constrict the hell hound!
You kill the hell hound!
Sif Muna accepts your kill.
There is a stone staircase leading up here.
You fly upwards.
There is a stone staircase leading down here.
What level of the Dungeon? (default 1, ? - help)
There is a stone staircase leading up, spattered with blood here.
You fly upwards.
There is a stone staircase leading down here.
There is a stone staircase leading up here.
You fly upwards.
Level annotation: 1 runed translucent door, Zagger's ghost, veteran DjFE Magic restored.
There is a stone staircase leading down here.
There is a staircase back to the Dungeon here.
You fly upwards.
Welcome back to the Dungeon!
There is a staircase to the Depths here.
A Hell Sentinel comes into view.
The Hell Sentinel roars!
There is an escape hatch in the ceiling here.
A mysterious force pulls you upwards. The hatch slams shut behind you.
What level of the Dungeon? (default 1, ? - help)
A Hell Sentinel comes into view.
Cast which spell? (? or * to list)
Aiming: Borgnjor's Vile Clutch (safe; 0% risk of failure)
Press: ? - help, Shift-Dir - straight line, f - Hell Sentinel
Aim: a Hell Sentinel (100% to hit)
Zombie hands grab the Hell Sentinel.
The zombie hands constrict the Hell Sentinel.
The zombie hands constrict the Hell Sentinel, but do no damage.
The Hell Sentinel struggles to escape constriction.
The zombie hands constrict the Hell Sentinel!
The Hell Sentinel escapes!
Cast which spell? (? or * to list)
Aiming: Borgnjor's Vile Clutch (safe; 0% risk of failure)
Press: ? - help, Shift-Dir - straight line, f/p - Hell Sentinel
Aim: a Hell Sentinel (lightly wounded, 100% to hit)
Zombie hands grab the Hell Sentinel.
The zombie hands constrict the Hell Sentinel.
The Hell Sentinel struggles to escape constriction.
The zombie hands constrict the Hell Sentinel.
The Hell Sentinel struggles to escape constriction.
The zombie hands lose their grip on something.
Items here: % ) [ ÷.
There is a stone staircase leading up here.
You fly upwards.
There is a stone staircase leading down here.
What level of the Dungeon? (default 1, ? - help) Magic restored.
There is an open door here.
There is a stone staircase leading up here.
You fly upwards.
There is a stone staircase leading down here.
There is a stone staircase leading up here.
You fly upwards.
There is a stone staircase leading down here.
An Orb Guardian comes into view.
Cast which spell? (? or * to list)
Aiming: Bombard (mildly dangerous; 1% risk of failure)
Press: ? - help, Shift-Dir - straight line, f - Orb Guardian
Aim: an Orb Guardian (67% to hit)
The iron shot hits the Orb Guardian!!
The Orb Guardian is heavily wounded.
The Orb Guardian hits you!!!
Cast which spell? (? or * to list)
Aiming: Bombard (mildly dangerous; 1% risk of failure)
Press: ? - help, Shift-Dir - straight line, f/p - Orb Guardian
Aim: an Orb Guardian (moderately wounded, 67% to hit)
The iron shot hits the Orb Guardian!!
The Orb Guardian is severely wounded.
The Orb Guardian hits you but does no damage.
Cast which spell? (? or * to list)
Aiming: Bombard (mildly dangerous; 1% risk of failure)
Press: ? - help, Shift-Dir - straight line, f/p - Orb Guardian
Aim: an Orb Guardian (severely wounded, 67% to hit)
The iron shot misses the Orb Guardian.
The blast sends you backwards. You block the Orb Guardian's attack.
Cast which spell? (? or * to list)
Aiming: Bombard (mildly dangerous; 1% risk of failure)
Press: ? - help, Shift-Dir - straight line, f/p - Orb Guardian
Aim: an Orb Guardian (severely wounded, 67% to hit)
The iron shot misses the Orb Guardian.
The blast sends you backwards.
Cast which spell? (? or * to list)
Aiming: Bombard (mildly dangerous; 1% risk of failure)
Press: ? - help, Shift-Dir - straight line, f/p - Orb Guardian
Aim: an Orb Guardian (severely wounded, 67% to hit)
The iron shot hits the Orb Guardian!!
You kill the Orb Guardian!
Sif Muna accepts your kill.
What level of the Dungeon? (default 1, ? - help)
There is a stone staircase leading up here.
HP restored.
There is a stone staircase leading up here.
You fly upwards.
There is a stone staircase leading down here.
There is an open door here.
HP restored.
There is an open door here.
A hell hound comes into view.
Cast which spell? (? or * to list)
You erupt in a blast of force!
The mystic blast hits the hell hound!!
The hell hound is severely wounded.
Sif Muna accepts your kill.
You feel a bit more experienced.
A hell hound comes into view.
A hell hound comes into view.
The hell hound barks!
A hell hound comes into view.
The hell hound breathes flames at you. The blast of flame hits you. You resist.
The hell hound breathes flames at you. The blast of flame hits you. You resist.
A hell hound comes into view.
The hell hound misses you. x2
Cast which spell? (? or * to list)
You erupt in a blast of force!
The mystic blast hits the hell hound!!
You kill the hell hound!
Sif Muna accepts your kill.
The mystic blast hits the hell hound!!
The hell hound is severely wounded.
The hell hound is knocked back by the mystic blast.
The mystic blast hits the hell hound!
The hell hound is heavily wounded.
The hell hound is knocked back by the mystic blast.
The hell hound slams into the rock wall!
The hell hound is almost dead.
The mystic blast hits the hell hound!
The hell hound is heavily wounded.
The hell hound is knocked back by the mystic blast.
The hell hound slams into the rock wall!
The hell hound is almost dead.
The hell hound breathes flames at you. The blast of flame misses you.
You block the hell hound's attack.
The hell hound completely misses you. x2
The hell hound breathes flames at you. The blast of flame hits you. You resist.
You block the hell hound's attack.
There is a stone staircase leading up here.
Cast which spell? (? or * to list)
You erupt in a blast of force!
The mystic blast hits the hell hound but does no damage.
The hell hound is almost dead.
The mystic blast hits the hell hound.
The hell hound is almost dead.
The hell hound is knocked back by the mystic blast.
The mystic blast hits the hell hound!
You kill the hell hound!
Sif Muna accepts your kill.
Cast which spell? (? or * to list)
You erupt in a blast of force!
The mystic blast hits the hell hound!
You kill the hell hound!
Sif Muna accepts your kill.
Cast which spell? (? or * to list)
You erupt in a blast of force!
The mystic blast hits the hell hound!
You kill the hell hound!
Sif Muna accepts your kill.
Cast which spell? (? or * to list)
You draw magical energy from your own body!
Cast which spell? (? or * to list)
You draw magical energy from your own body!
You fly upwards.
There is a stone staircase leading down here.
What level of the Dungeon? (default 1, ? - help)
A hell beast comes into view.
Cast which spell? (? or * to list)
Aiming: Bombard (mildly dangerous; 1% risk of failure)
Press: ? - help, Shift-Dir - straight line, f - hell beast
Aim: a hell beast (64% to hit)
The iron shot hits the hell beast!!!
The hell beast is heavily wounded.
The blast sends you backwards.
Cast which spell? (? or * to list)
Aiming: Bombard (mildly dangerous; 1% risk of failure)
Press: ? - help, Shift-Dir - straight line, f/p - hell beast
Aim: a hell beast (heavily wounded, 64% to hit)
The iron shot misses the hell beast.
The blast sends you backwards.
Cast which spell? (? or * to list)
Aiming: Borgnjor's Vile Clutch (safe; 0% risk of failure)
Press: ? - help, Shift-Dir - straight line, f/p - hell beast
Aim: a hell beast (heavily wounded, 100% to hit)
Zombie hands grab the hell beast.
The zombie hands constrict the hell beast!
The hell beast struggles to escape constriction. x2
Cast which spell? (? or * to list)
Aiming: Bombard (mildly dangerous; 1% risk of failure)
Press: ? - help, Shift-Dir - straight line, f/p - hell beast
Aim: a hell beast (heavily wounded, constricted by zombie hands, 100% to hit)
The iron shot hits the hell beast!!
The hell beast is almost dead.
The zombie hands constrict the hell beast.
The hell beast struggles to escape constriction.
The zombie hands constrict the hell beast!
You kill the hell beast!
Sif Muna accepts your kill.
Your Fighting skill increases to level 22!
Cast which spell? (? or * to list)
You draw magical energy from your own body!
Cast which spell? (? or * to list)
You draw magical energy from your own body!
What level of the Dungeon? (default 1, ? - help)
There is a stone staircase leading up here.
You fly upwards.
There is a stone staircase leading down here.
HP restored.
A lorocyproca comes into view.
There is an escape hatch in the ceiling here.
A mysterious force pulls you upwards. The hatch slams shut behind you.
What level of the Dungeon? (default 1, ? - help)
There is a stone staircase leading up here.
You fly upwards.
There is a stone staircase leading down here.
There is a stone staircase leading down here.
There is a stone staircase leading up here.
You fly upwards.
There is a stone staircase leading down here.
Magic restored.
There is a stone staircase leading up here.
You fly upwards.
There is a stone staircase leading down here.
There is an open door here.
There is an open door here.
There is a stone staircase leading up here.
You fly upwards.
There is a stone staircase leading down here.
There is a stone staircase leading up here.
You fly upwards.
There is a stone staircase leading down here.
An Ice Fiend comes into view.
There is a stone staircase leading up here.
You fly upwards.
There is a stone staircase leading down here.
What level of the Dungeon? (default 1, ? - help)
There is a staircase leading out of the dungeon here.
You have escaped!

##.#..#.#.################..#....
.................................
##.#..#.#.#####.###.######..#.#..
#.#..#.#.#####.###..## #..#.#.#
#.#......#...........# #....#.#
##.#....#.#.#########.# ##.#.#.#
...#......#...........# #.#)#..
####.##.###...........# #.#.###
................@.....# #.#.# #
####.#..#.#...........# #.#.# #
#.#..#.#...........# #.#.# #
#.#..#.#.#########.# #.#.# #
#.##...#...........#####.#.# #
#.##.#...................#.# #
#.##.#.#...#.....##....###.# #
#.##.).#.#....#............# #
#.######.###.##.#......##### #


There were no monsters in sight!

Vanquished Creatures
  A dread lich (Vaults:5)
  An ancient lich (Zot:5)
  2 orbs of fire (Zot:5)
  Xtahua (Vaults:3)
  A curse toe (Zot:4)
  Margery (Crypt:2)
  4 golden dragons
  A profane servitor (Zot:2)
  4 bone dragons
  7 Orb Guardians
  Rupert (D:14)
  A walking earthen tome (Depths:2)
  4 tentacled monstrosities
  2 deep elf blademasters
  3 liches
  The ghost of Odusm the Phalangite, an adept MfFi of Okawaru (Spider:2)
  Asterion (Vaults:3)
  4 quicksilver dragons
  4 death cobs
  2 titans (Vaults:5)
  6 sphinxes
  3 deep elf master archers
  3 tentacled starspawn
  An acid blob (Slime:2)
  15 ancient champions
  Donald (Orc:2)
  4 rockslimes
  4 draconian monks
  8 storm dragons
  4 tengu reavers
  7 shadow dragons
  5 revenants
  3 azure jellies
  3 fire giants
  A draconian knight (Zot:5)
  2 draconian shifters (Zot:1)
  A balrug (Depths:2)
  4 frost giants
  4 deep elf sorcerers (Elf:3)
  An iron dragon (Depths:4)
  4 vault wardens
  3 draconian scorchers
  5 deep elf elementalists
  5 emperor scorpions (Spider:4)
  6 ghouls (Crypt:1)
  An orc warlord (Vaults:4)
  A draconian stormcaller (Zot:1)
  6 curse skulls
  4 ghost moths
  2 cacodemons
  6 ironbound preservers
  A quicksilver ooze (Slime:3)
  2 caustic shrike skeletons (Crypt:2)
  5 ironbound thunderhulks
  A spriggan defender (Depths:4)
  5 stone giants
  3 vampire knights
  9 very ugly things
  4 juggernaut skeletons
  2 green draconians
  2 deep elf demonologists
  2 purple draconians
  6 deep elf death magi
  9 deep elf annihilators
  4 black draconians
  9 spark wasps
  A red draconian (Zot:5)
  Azrael (D:14)
  2 halazid warlocks (WizLab)
  2 minotaurs
  A white draconian (Zot:2)
  3 eidola
  2 yellow draconians
  A blizzard demon (Depths:4)
  The ghost of Luce the Carver, a journeyman BaIE of Vehumet (Lair:1)
  6 ettins
  2 fire dragons
  6 yaktaur captains
  6 jiangshi
  4 merfolk impalers (Shoals:4)
  A merfolk javelineer (Shoals:1)
  A pearl dragon skeleton (Crypt:2)
  7 great orbs of eyes
  3 ice dragons
  Harold (D:11)
  2 deep elf high priests
  3 hydras
  A hell beast (D:9)
  2 ogre magi (D:15)
  2 rakshasas
  12 vault guards
  3 entropy weavers
  A sphinx zombie (Crypt:2)
  2 peacekeepers
  2 caustic shrike simulacra (IceCv)
  3 death knights
  2 spriggan air magi
  A merfolk aquamancer (Shoals:4)
  10 boulder beetles
  3 ironbound frosthearts
  A sphinx skeleton (Crypt:2)
  4 catoblepae
  2 alligator snapping turtles
  3 centaur warriors
  3 satyrs
  27 dancing weapons
  2 deep troll shamans
  9 two-headed ogres
  6 tengu warriors
  2 radroaches
  4 fenstrider witch skeletons
  A deep troll earth mage (Depths:4)
  5 death yaks (Lair:5)
  7 vampire magi
  A bennu skeleton (Crypt:1)
  A hell hog (Depths:1)
  Urug (D:10)
  2 spriggan berserkers
  2 sun demons
  2 titan zombies (WizLab)
  16 deep elf knights
  4 demonic crawlers (Spider:1)
  An occultist (D:15)
  2 emperor scorpion zombies (Crypt:1)
  An orc high priest (Orc:2)
  A skyshark (shapeshifter) (Vaults:5)
  7 hell knights
  2 iron trolls (Depths:2)
  A hellephant skeleton (Crypt:2)
  4 skysharks
  3 pharaoh ants
  7 sea snakes
  5 nameless horrors
  24 skeletal warriors
  3 sixfirhies
  A storm dragon skeleton (Crypt:2)
  3 shadow wraiths
  2 spectral spark wasps (WizLab)
  16 deep trolls
  A deep troll (shapeshifter) (Vaults:5)
  A spark wasp zombie (Crypt:3)
  6 orb spiders
  2 arcanists
  3 steelbarb worms
  34 slime creatures
  3 bog bodies
  8 deep elf archers
  2 glowing orange brains
  11 phantasmal warriors
  2 flayed ghosts (WizLab)
  9 harpies
  5 orc knights
  A golden dragon skeleton (Crypt:2)
  A bunyip skeleton (Crypt:1)
  8 lindwurms
  2 orange crystal statues (IceCv)
  An anaconda skeleton (Crypt:2)
  A wolf spider zombie (Crypt:2)
  5 ironbound convokers
  4 necromancers
  25 deep elf zephyrmancers
  A manticore (shapeshifter) (Vaults:5)
  5 ugly things
  9 wolf spiders
  27 deep elf pyromancers
  20 fauns
  Maurice (D:11)
  3 cyclopes
  7 manticores
  A shining eye (Slime:4)
  A salamander (Depths:1)
  A large abomination (Abyss:1)
  A worldbinder (Abyss:1)
  17 elephants
  2 meliai (Shoals:1)
  11 moths of wrath
  3 black mambas
  3 kobold blastminers (Orc:2)
  4 merfolk sirens
  A fire giant skeleton (Crypt:1)
  10 vault sentinels
  A naga zombie (Crypt:2)
  An iron dragon skeleton (Crypt:3)
  2 stone giant skeletons
  2 ice statues (Shoals:1)
  A water nymph (Shoals:4)
  2 smoke demons
  6 centaur skeletons (Crypt:2)
  7 centaur zombies (Crypt:2)
  An orange demon (Abyss:1)
  4 gargoyles
  A purple draconian zombie (Crypt:1)
  A torpor snail (Spider:3)
  12 cane toads
  A mana viper zombie (Crypt:2)
  3 dire elephant skeletons
  A death yak zombie (Crypt:1)
  A hellion (Abyss:1)
  A rime drake (shapeshifter) (D:13)
  8 freezing wraiths
  2 rime drakes (Lair:2)
  4 anaconda simulacra (IceCv)
  A tengu conjurer (D:15)
  13 komodo dragons
  8 yaktaurs
  A redback zombie (Crypt:2)
  3 golden dragon simulacra (IceCv)
  4 harpy zombies (WizLab)
  4 guardian mummies (Crypt:3)
  An efreet (D:14)
  10 trolls
  7 polar bears
  A minotaur skeleton (Abyss:1)
  A hornet (D:9)
  An ettin zombie (Crypt:2)
  A wind drake (Shoals:4)
  22 merfolk
  13 blink frogs
  A guardian serpent zombie (Crypt:1)
  10 dream sheep
  A glass eye (Slime:4)
  10 tarantellas
  A snapping turtle (Shoals:1)
  7 jumping spiders
  2 shadows (D:13)
  2 air elementals
  A centaur simulacrum (Crypt:1)
  A guardian serpent skeleton (Crypt:2)
  8 culicivoras
  An ushabti (Crypt:3)
  13 wraiths
  2 wyverns
  42 yaks
  A wind drake zombie (Crypt:1)
  A hog (shapeshifter) (D:15)
  2 wargs
  Eustachio (D:5)
  3 fire elementals
  A basilisk (Lair:3)
  3 golden eyes
  16 redbacks
  Grum (D:8)
  6 water elementals
  A basilisk (shapeshifter) (Elf:2)
  3 steam dragons
  2 harpy simulacra (IceCv)
  4 vampire mosquitoes
  Duvessa (D:6)
  18 water moccasins
  9 hell hounds
  A hydra simulacrum (IceCv)
  A naga skeleton (Crypt:2)
  27 orc warriors
  A glowing shapeshifter skeleton (Crypt:1)
  2 black bears
  37 laughing skulls
  4 boggarts
  An ice beast (D:6)
  11 small abominations
  2 ettin simulacra
  16 ogres
  25 wolves
  8 centaurs
  A swamp dragon skeleton (Crypt:2)
  A phantom (D:6)
  A hog zombie (Crypt:2)
  A kobold brigand (D:6)
  8 bullfrogs
  A gnoll sergeant (Orc:2)
  2 scorpions
  An earth elemental (Elf:2)
  A scorpion (shapeshifter) (D:15)
  Dowan (D:6)
  6 killer bees (D:8)
  3 lindwurm simulacra (IceCv)
  3 howler monkeys
  A spriggan skeleton (Crypt:2)
  2 electric eels
  6 hounds
  2 jellies (D:7)
  9 orc priests
  2 gnoll boudas (D:7)
  2 iguanas
  2 boggart zombies (Crypt:2)
  22 orc wizards
  2 boggart skeletons (Crypt:2)
  A tengu zombie (Crypt:2)
  3 mummies (Crypt:3)
  A howler monkey zombie (Crypt:2)
  18 gnolls
  A steam dragon zombie (Crypt:1)
  8 adders
  2 shadow imps
  A white imp (Abyss:3)
  2 ufetubi (Abyss:1)
  4 dart slugs
  64 orcs
  6 bats
  8 endoplasms
  6 giant cockroaches
  3 goblins
  3 hobgoblins
  9 kobolds
  6 quokkas
  4 ball pythons
  A ball python skeleton (Crypt:2)
  A dart slug zombie (Crypt:2)
  2 frilled lizards
  4 rats
  A starspawn tentacle (Abyss:2)
1487 creatures vanquished.

Vanquished Creatures (collateral kills)
  the Royal Jelly (Slime:5)
  Frederick (Vaults:5)
  2 ancient liches (Zot:5)
  An orb of fire (Zot:5)
  2 dread liches (Zot:5)
  Mara (Vaults:2)
  A royal mummy (Crypt:3)
  Parghit (Depths:3)
  4 Killer Klowns (Zot:5)
  Bai Suzhen (Spider:4)
  Saint Roka (Elf:3)
  8 golden dragons
  Norris (Vaults:2)
  2 electric golems (Zot:5)
  2 hellephants
  8 tentacled monstrosities
  Zenata (Crypt:3)
  A walking crystal tome (Depths:2)
  3 quicksilver dragons
  18 Orb Guardians (Zot:5)
  17 acid blobs (Slime:5)
  A lich (Depths:3)
  3 titans (Vaults:5)
  6 sphinxes
  An Executioner (Abyss:3)
  6 tengu reavers
  6 storm dragons
  4 draconian knights
  4 shadow dragons
  8 rockslimes (Slime:5)
  3 revenants
  A draconian monk (Zot:1)
  5 azure jellies (Slime:5)
  7 fire giants
  6 protean progenitors
  4 deep elf sorcerers
  2 ghost moths (Spider:4)
  6 vault wardens (Vaults:5)
  4 emperor scorpions
  4 draconian shifters
  5 draconian scorchers
  A frost giant (Depths:3)
  3 deep elf elementalists (Elf:3)
  A cacodemon (Abyss:3)
  2 spriggan defenders
  6 ghouls (Crypt:3)
  A draconian stormcaller (Zot:2)
  6 quicksilver oozes (Slime:5)
  5 ironbound preservers
  4 draconian annihilators
  8 very ugly things
  A rockslime zombie (Crypt:3)
  7 stone giants
  A formless jellyfish (Vaults:3)
  5 deep elf death magi
  4 vampire knights
  6 black draconians
  3 deep elf demonologists
  A halazid warlock (WizLab)
  10 green draconians
  6 yellow draconians
  8 purple draconians
  6 deep elf annihilators
  6 red draconians
  An eidolon (WizLab)
  2 bunyips (Zot:1)
  5 spark wasps
  2 war gargoyles
  7 white draconians
  A blizzard demon (Depths:4)
  A crystal guardian (Vaults:1)
  A merfolk javelineer (Shoals:3)
  2 jiangshi (Crypt:3)
  10 ettins
  A fire dragon (Depths:3)
  2 entropy weavers
  4 mummy priests (Crypt:3)
  10 merfolk impalers
  5 yaktaur captains
  12 deep elf high priests
  22 vault guards
  2 alligators (Zot:5)
  2 great orbs of eyes
  A hell beast (Gauntlet)
  A centaur warrior (D:15)
  An ironbound frostheart (Vaults:2)
  A spriggan air mage (Depths:4)
  2 satyrs
  4 ice dragons
  2 ogre magi
  A two-headed ogre (shapeshifter) (Depths:4)
  2 radroaches
  2 merfolk aquamancers (Shoals:4)
  An alligator snapping turtle (Shoals:4)
  4 tengu warriors
  2 two-headed ogres (D:15)
  2 hell hogs (Depths:1)
  3 boulder beetles
  A vampire mage (Crypt:3)
  A spriggan berserker (Depths:4)
  9 deep troll earth magi
  2 death yaks (Lair:5)
  8 deep troll shamans
  2 occultists
  6 demonic crawlers
  7 deep elf knights
  9 hell knights
  2 soul eaters (Crypt:3)
  2 skysharks
  A deep troll (shapeshifter) (Vaults:5)
  4 iron trolls
  3 pharaoh ants
  A sea snake (shapeshifter) (Vaults:5)
  A salamander mystic (Depths:1)
  A skeletal warrior (Crypt:2)
  5 sea snakes
  4 orb spiders (Spider:1)
  43 deep trolls
  11 deep elf archers
  An anaconda (shapeshifter) (Vaults:5)
  A lindwurm (Vaults:2)
  5 phantasmal warriors
  3 glowing orange brains
  A bunyip skeleton (Crypt:3)
  8 bog bodies (Crypt:3)
  2 golden dragon skeletons
  9 harpies
  13 deep elf pyromancers
  A kraken simulacrum (Shoals:4)
  3 ironbound convokers (Vaults:5)
  A flayed ghost (Depths:2)
  A steelbarb worm (Spider:2)
  A necromancer (Depths:3)
  A faun (shapeshifter) (Vaults:5)
  19 deep elf zephyrmancers
  An orc sorcerer (Orc:1)
  2 wolf spiders (Spider:4)
  A glowing shapeshifter (Depths:3)
  5 fauns
  2 salamanders (Depths:1)
  5 shining eyes
  A meliai (Shoals:1)
  9 ugly things
  2 merfolk sirens
  2 eyes of devastation
  A nameless horror (Shoals:4)
  9 moths of wrath
  3 kobold blastminers (Orc:2)
  13 vault sentinels
  A water nymph (Shoals:4)
  4 elephants
  2 torpor snails
  2 komodo dragons
  4 cane toads
  A freezing wraith (Vaults:5)
  7 yaktaurs
  3 tengu conjurers (Depths:1)
  A black draconian skeleton (Crypt:1)
  24 guardian mummies (Crypt:3)
  A polar bear (Lair:5)
  16 tarantellas
  23 merfolk
  2 wind drakes (Shoals:4)
  2 hornets
  5 snapping turtles
  A dream sheep (shapeshifter) (Vaults:5)
  6 blink frogs
  3 glass eyes
  7 dream sheep
  27 slime creatures
  10 jumping spiders
  21 small abominations (Abyss:3)
  5 culicivoras
  9 ushabtiu (Crypt:3)
  3 water elementals (Shoals:4)
  A spriggan (Depths:4)
  11 yaks
  4 golden eyes
  23 redbacks
  A merfolk zombie (Shoals:4)
  4 water moccasins
  8 orc warriors
  A black bear (D:5)
  5 boggarts
  A laughing skull (Abyss:3)
  3 wolves
  2 ogres (Orc:1)
  A centaur (Orc:2)
  3 bullfrogs
  7 weeping skulls (Abyss:3)
  An elf zombie (Crypt:3)
  A scorpion (Spider:1)
  A howler monkey (D:8)
  2 orc priests
  6 orc wizards
  A scorpion zombie (Crypt:3)
  A boggart skeleton (Crypt:3)
  2 mummies (Crypt:3)
  2 gnolls
  13 orcs
  3 endoplasms
  2 goblins
  A hobgoblin (D:3)
  A ball python (D:1)
  A ball python skeleton (Crypt:3)
  3 aspiring fleshes (Zot:5)
  A spectral weapon (Spider:2)
941 creatures vanquished.

Vanquished Creatures (others)
  A yaktaur captain (Vaults:5)
  A sphinx zombie (Vaults:3)
  An emperor scorpion zombie (Spider:4)
  A ghost moth zombie (Spider:4)
  A wolf spider zombie (Spider:3)
  An ironbound convoker (Vaults:5)
  An ugly thing (D:9)
  A moth of wrath (Zot:5)
  4 yaktaur zombies
  3 sea snake zombies
  7 human zombies
  7 harpy zombies
  A hydra zombie (Lair:5)
  7 redback zombies
  A troll (D:14)
  2 jumping spider zombies
  2 boulder beetle zombies
  2 moth of wrath zombies
  6 tarantella zombies
  3 culicivora zombies (Spider:1)
  3 slime creature zombies (Vaults:3)
  A tengu zombie (D:15)
  3 faun zombies
  6 deep troll zombies
  A water nymph zombie (Shoals:4)
  A cane toad zombie (Lair:5)
  2 dream sheep zombies (Shoals:2)
  A laughing skull (WizLab)
  A lindwurm zombie (Vaults:2)
  3 orc warriors (Orc:2)
  17 elf zombies
  A snapping turtle zombie (Shoals:4)
  8 blink frog zombies
  6 elephant zombies
  A manticore zombie (Shoals:2)
  5 merfolk zombies
  A wolf (Gauntlet)
  A hog zombie (D:15)
  A komodo dragon zombie (Lair:4)
  A cyclops zombie (Shoals:2)
  5 water moccasin zombies
  8 yak zombies
  2 troll zombies
  5 wolf zombies
  A bullfrog zombie (Lair:1)
  3 centaur zombies (Orc:2)
  4 ogre zombies
  An orc (Orc:1)
  39 orc zombies
  3 spectral weapons
  4 starspawn tentacles
192 creatures vanquished.

Grand Total: 2620 creatures vanquished

Notes
Turn   | Place    | Note
-------+----------+-------------------------------------------
     0 | D:1      | jagoly the Kobold Necromancer began the quest for the Orb.
     0 | D:1      | Reached XP level 1. HP: 10/10 MP: 3/3
   214 | D:1      | Reached XP level 2. HP: 15/15 MP: 3/5
   498 | D:1      | Found Zipryucu's Distillery.
   764 | D:1      | Reached XP level 3. HP: 19/19 MP: 2/7
  1500 | D:2      | Reached XP level 4. HP: 24/24 MP: 5/8
  1870 | D:3      | Found a sparkling altar of Nemelex Xobeh.
  1929 | D:3      | Found a hazy altar of Hepliaklqana.
  1938 | D:3      | Identified the +9 dagger "Lymaxoad" {spect, rPois}
  1949 | D:3      | Reached skill level 5 in Necromancy
  2026 | D:3      | Reached skill level 1 in Fighting
  2028 | D:3      | Reached XP level 5. HP: 29/29 MP: 4/9
  2163 | D:2      | Reached skill level 1 in Short Blades
  2540 | D:4      | Reached XP level 6. HP: 35/35 MP: 6/10
  2658 | D:4      | Found an opulent altar of Gozag.
  2757 | D:4      | Noticed an ogre
  3117 | D:4      | Found a glowing silver altar of Zin.
  3121 | D:4      | Found a shimmering altar of Xom.
  3124 | D:4      | Found a bloodstained altar of Trog.
  3125 | D:4      | Found a snail-covered altar of Cheibriados.
  3526 | D:5      | Entered Level 5 of the Dungeon
  3563 | D:5      | Learned a level 4 spell: Dispel Undead
  3613 | D:5      | Noticed Eustachio
  3626 | D:4      | Reached XP level 7. HP: 15/41 MP: 11/11
  3971 | D:5      | Reached skill level 6 in Necromancy
  3975 | D:5      | Learned a level 3 spell: Vampiric Draining
  4230 | D:5      | Reached skill level 7 in Necromancy
  4239 | D:5      | Identified the +9 long sword "Decauk" {heavy, *Noise Fly
                  | rElec Int+3}
  4247 | D:5      | Reached XP level 8. HP: 46/46 MP: 10/12
  4457 | D:5      | Found a staircase to the Ecumenical Temple.
  4471 | Temple   | Entered the Ecumenical Temple
  4493 | Temple   | Became a worshipper of Sif Muna the Loreminder
  4565 | D:6      | Reached skill level 1 in Conjurations
  4565 | D:6      | Reached skill level 8 in Necromancy
  4565 | D:6      | Reached skill level 1 in Earth Magic
  4864 | D:6      | Noticed Duvessa
  4870 | D:6      | Noticed Dowan
  4898 | D:5      | Learned a level 3 spell: Stone Arrow
  5420 | D:6      | Reached XP level 9. HP: 50/50 MP: 6/13
  5684 | D:5      | Killed Eustachio
  5881 | D:4      | Reached * piety under Sif Muna
  6295 | D:7      | Reached skill level 5 in Conjurations
  6295 | D:7      | Reached skill level 5 in Earth Magic
  6988 | D:7      | Reached skill level 5 in Spellcasting
  7210 | D:8      | Reached skill level 5 in Stealth
  7475 | D:8      | Found Ezuiliju's Distillery.
  7480 | D:8      | Bought a potion of enlightenment for 80 gold pieces
  7480 | D:8      | Bought a potion of heal wounds for 80 gold pieces
  7484 | D:8      | Found Ruom's Magic Scroll Boutique.
  7489 | D:8      | Bought a scroll of teleportation for 39 gold pieces
  7546 | D:8      | Found Puodinor's Magic Scroll Shoppe.
  7551 | D:8      | Bought a scroll of identify for 30 gold pieces
  7596 | D:8      | Reached XP level 10. HP: 29/56 MP: 2/17
  7716 | D:8      | Noticed Grum
  7826 | D:7      | Reached skill level 5 in Short Blades
  8426 | D:8      | Reached skill level 5 in Dodging
  8546 | D:8      | Killed Grum
  8547 | D:8      | Reached skill level 5 in Fighting
  8609 | D:8      | Learned a level 3 spell: Passwall
  8800 | D:6      | Killed Duvessa
  8802 | D:6      | Killed Dowan
  9269 | D:9      | Noticed a purple ugly thing
  9472 | D:9      | Found Etyg's Assorted Antiques.
 10011 | D:9      | Found a stormy altar of Qazlal.
 10060 | D:9      | Found a white marble altar of Elyvilon.
 10691 | D:1      | Bought a potion of invisibility for 88 gold pieces
 10691 | D:1      | Bought a potion of haste for 110 gold pieces
 10691 | D:1      | Bought a potion of brilliance for 44 gold pieces
 10691 | D:1      | Bought a potion of curing for 33 gold pieces
 10822 | D:10     | Entered Level 10 of the Dungeon
 11160 | D:10     | Reached ** piety under Sif Muna
 11161 | D:10     | Reached XP level 11. HP: 33/64 MP: 5/19
 11358 | D:10     | Noticed a two-headed ogre
 11429 | D:10     | Noticed Urug
 11931 | D:10     | Found a staircase to the Orcish Mines.
 12074 | D:10     | Found a staircase to the Lair.
 12217 | D:10     | Reached skill level 5 in Evocations
 12560 | D:10     | Killed a two-headed ogre
 12710 | D:11     | Noticed Harold
 12952 | D:11     | Noticed a two-headed ogre
 13574 | D:11     | Noticed Maurice
 13578 | D:11     | Killed Maurice
 13632 | D:11     | Noticed a two-headed ogre
 13740 | D:11     | Noticed a two-headed ogre
 14103 | D:11     | Killed a two-headed ogre
 14199 | D:11     | Killed a two-headed ogre
 14298 | D:11     | Killed a two-headed ogre
 14443 | D:9      | Bought a transparent buckler for 190 gold pieces
 14443 | D:9      | Identified the +3 buckler of Okawaru's Hope {rF- rC+ rN+}
                  | (You bought it in a shop on level 9 of the Dungeon)
 14506 | Lair:1   | Entered Level 1 of the Lair of Beasts
 14539 | Lair:1   | Reached XP level 12. HP: 71/72 MP: 8/21
 14636 | Lair:1   | Reached skill level 1 in Throwing
 14712 | D:10     | Learned a level 4 spell: Animate Dead
 14949 | Lair:1   | Reached skill level 1 in Invocations
 15008 | Lair:1   | Found a runed translucent door.
 15463 | Lair:1   | Reached *** piety under Sif Muna
 15632 | Lair:1   | Found a shimmering altar of Xom.
 15632 | Lair:1   | Noticed Luce's ghost (journeyman BaIE)
 15633 | Lair:1   | Noticed a +0 war axe of chaos
 15943 | Lair:2   | Reached skill level 5 in Invocations
 16599 | Lair:2   | Found a staircase to the Shoals.
 17618 | Lair:2   | Reached XP level 13. HP: 48/78 MP: 15/25
 17785 | Lair:2   | Found a hole to the Spider Nest.
 18323 | D:9      | Bought a scroll labelled TARARROUCK for 20 gold pieces
 18466 | D:1      | Bought a potion of cancellation for 88 gold pieces
 18673 | Lair:3   | Noticed a catoblepas
 18674 | Lair:3   | Killed a catoblepas
 18701 | Lair:3   | Reached skill level 10 in Short Blades
 18945 | Lair:3   | Reached skill level 10 in Stealth
 18989 | Lair:3   | Noticed a seven-headed hydra
 18993 | Lair:3   | Killed a seven-headed hydra
 19419 | Lair:3   | Reached **** piety under Sif Muna
 19420 | Lair:3   | Reached skill level 10 in Dodging
 19530 | Lair:3   | Found a burning altar of Makhleb.
 19644 | Lair:3   | Reached skill level 10 in Fighting
 19912 | Lair:3   | Noticed a catoblepas
 19916 | Lair:3   | Killed a catoblepas
 20295 | Lair:4   | Reached XP level 14. HP: 37/88 MP: 2/26
 20507 | Lair:4   | Found a staircase to the Slime Pits.
 21370 | Lair:5   | Entered Level 5 of the Lair of Beasts
 21407 | Lair:5   | Reached skill level 1 in Shields
 21537 | Lair:5   | Reached skill level 10 in Invocations
 21544 | Lair:5   | Reached ***** piety under Sif Muna
 21906 | Lair:5   | Reached skill level 5 in Shields
 23237 | Lair:5   | Received a gift from Sif Muna
 23238 | Lair:5   | Got Efatorum's Book of Hazy Allies {god gift}
 23563 | Lair:5   | Reached skill level 9 in Necromancy
 23563 | Lair:5   | Reached XP level 15. HP: 92/92 MP: 4/27
 24521 | Lair:5   | Reached skill level 10 in Necromancy
 24881 | D:8      | Bought a scroll of immolation for 52 gold pieces
 24881 | D:8      | Bought a scroll of fog for 52 gold pieces
 24901 | D:8      | Bought a scroll of revelation for 112 gold pieces
 25000 | D:10     | Killed Urug
 25121 | D:11     | Killed Harold
 25218 | D:12     | Found Offugopi's Weapon Shoppe.
 25534 | D:12     | Found a sacrificial altar of Ru.
 25657 | D:8      | Bought a scroll of noise for 15 gold pieces
 25676 | D:8      | Bought a potion of degeneration for 16 gold pieces
 28102 | D:10     | Upgraded the game from 0.32-a0-131-g9dbbe29 to
                  | 0.32-a0-132-g2d33c3c
 28104 | Orc:1    | Entered Level 1 of the Orcish Mines
 28660 | Orc:1    | Learned a level 4 spell: Iskenderun's Mystic Blast
 28662 | Orc:2    | Entered Level 2 of the Orcish Mines
 28812 | Orc:2    | Found a staircase to the Elven Halls.
 28825 | Orc:2    | Reached skill level 1 in Translocations
 28832 | Orc:2    | Found Louma's Antique Armour Emporium.
 29037 | Orc:2    | Found a gate leading to a gauntlet.
 29046 | Gauntlet | Entered a Gauntlet
 29046 | Gauntlet | Found a transporter.
 29071 | Gauntlet | Found a transporter.
 29089 | Gauntlet | Found a transporter.
 29106 | Gauntlet | Found a transporter.
 29116 | Gauntlet | Found a runed translucent door.
 29127 | Gauntlet | Found a transporter.
 29137 | Gauntlet | Found a runed translucent door.
 29151 | Gauntlet | Found a transporter.
 29176 | Gauntlet | Found a transporter.
 29194 | Gauntlet | Found a transporter.
 29219 | Gauntlet | Found a transporter.
 29233 | Gauntlet | Found a transporter.
 29290 | Gauntlet | Found a transporter.
 29290 | Gauntlet | Received a gift from Sif Muna
 29297 | Gauntlet | Got Sif Muna's Guidebook on the Escort {god gift}
 29301 | Gauntlet | Found a transporter.
 29437 | Gauntlet | Found a transporter.
 29440 | Gauntlet | Found a transporter.
 29514 | Gauntlet | Identified the +1 helmet of Patterns {rN+ rCorr Str-3
                  | Dex+4}
 29625 | Gauntlet | Identified the ring "Hofocaet" {Fire Dex+5}
 30138 | Orc:2    | Noticed Donald
 30147 | Orc:2    | Killed Donald
 30148 | Orc:2    | Reached XP level 16. HP: 101/101 MP: 14/28
 30872 | Orc:2    | Found Ygaqumy's Armour Emporium.
 30872 | Orc:2    | Found Barchom's Book Boutique.
 30872 | Orc:2    | Found Pewel's Weapon Shop.
 30873 | Orc:2    | Found Vyech's Magic Scroll Shoppe.
 30885 | Orc:2    | Bought a scroll of enchant armour for 75 gold pieces
 30885 | Orc:2    | Bought a scroll of enchant weapon for 75 gold pieces
 30885 | Orc:2    | Bought a scroll of brand weapon for 95 gold pieces
 30994 | Orc:2    | Bought a pair of embroidered boots for 225 gold pieces
 31080 | D:8      | Bought a scroll of summoning for 142 gold pieces
 31765 | D:14     | Found a gate to the Vaults.
 32260 | D:14     | Noticed Azrael
 32269 | D:14     | Killed Azrael
 32271 | D:14     | Received a gift from Sif Muna
 32276 | D:14     | Got Sif Muna's Discursus on Gloom and Orogeny {god gift}
 32288 | D:14     | Learned a level 2 spell: Sublimation of Blood
 32417 | D:14     | Noticed Rupert
 32438 | D:14     | Killed Rupert
 32968 | D:14     | Found a glowing golden altar of the Shining One.
 32969 | D:14     | Found a white marble altar of Elyvilon.
 32969 | D:14     | Found a glowing silver altar of Zin.
 33082 | D:15     | Entered Level 15 of the Dungeon
 33188 | D:15     | Found Cadithuc's Assorted Antiques.
 33359 | D:15     | Found a blossoming altar of Fedhas.
 33552 | D:15     | Found a staircase to the Depths.
 34467 | Lair:1   | Killed Luce's ghost
 34542 | Shoals:1 | Entered Level 1 of the Shoals
 34593 | Shoals:1 | Reached skill level 10 in Spellcasting
 34609 | Shoals:1 | Found a glacial archway.
 34622 | Shoals:1 | Reached skill level 1 in Summonings
 34799 | IceCv    | Entered an ice cave
 35116 | IceCv    | Reached skill level 5 in Summonings
 35116 | IceCv    | Reached XP level 17. HP: 41/106 MP: 3/31
 35213 | IceCv    | Identified the ring of Autumn {*Corrode rElec rPois AC+4
                  | Str-4}
 35252 | Shoals:1 | Learned a level 3 spell: Call Canine Familiar
 35480 | Shoals:1 | Found a hide-covered altar of Uskayaw.
 36423 | Shoals:1 | Learned a level 7 spell: Monstrous Menagerie
 37280 | Shoals:2 | Reached skill level 10 in Summonings
 37943 | Shoals:3 | Received a gift from Sif Muna
 38459 | Shoals:3 | Found Dopnuit's Magic Scroll Shoppe.
 38592 | Shoals:4 | Entered Level 4 of the Shoals
 38830 | Shoals:4 | Reached XP level 18. HP: 58/112 MP: 17/32
 39955 | Shoals:4 | Got a barnacled rune of Zot
 40080 | Shoals:4 | Received a gift from Sif Muna
 40598 | Shoals:3 | Bought a scroll of teleportation for 57 gold pieces
 40598 | Shoals:3 | Bought a scroll of teleportation for 57 gold pieces
 40844 | Elf:1    | Entered Level 1 of the Elven Halls
 40963 | Elf:1    | Reached skill level 15 in Summonings
 41977 | Elf:1    | Found a huge runed translucent gate.
 41978 | Elf:1    | Found a huge runed translucent gate.
 41978 | Elf:1    | Found a huge runed translucent gate.
 41979 | Elf:1    | Found a huge runed translucent gate.
 41979 | Elf:1    | Found a huge runed translucent gate.
 41979 | Elf:1    | Found a huge runed translucent gate.
 41980 | Elf:1    | Found a huge runed translucent gate.
 41980 | Elf:1    | Found a huge runed translucent gate.
 41980 | Elf:1    | Found a huge runed translucent gate.
 41981 | Elf:1    | Found a huge runed translucent gate.
 41981 | Elf:1    | Found a huge runed translucent gate.
 41982 | Elf:1    | Found a huge runed translucent gate.
 41982 | Elf:1    | Found a huge runed translucent gate.
 41982 | Elf:1    | Found a huge runed translucent gate.
 41982 | Elf:1    | Found a huge runed translucent gate.
 41983 | Elf:1    | Found a huge runed translucent gate.
 41995 | Elf:1    | Noticed a deep elf master archer
 42170 | Elf:1    | Killed a deep elf master archer
 42336 | Elf:1    | Reached XP level 19. HP: 107/116 MP: 7/33
 42515 | Elf:2    | Received a gift from Sif Muna
 42521 | Elf:2    | Got Sif Muna's Tome of Superposition and Spectres {god
                  | gift}
 42590 | Elf:2    | Learned a level 5 spell: Borgnjor's Vile Clutch
 43638 | Elf:2    | Reached skill level 10 in Earth Magic
 43674 | Elf:2    | Found a huge runed translucent gate.
 43674 | Elf:2    | Found a huge runed translucent gate.
 43674 | Elf:2    | Found a huge runed translucent gate.
 43674 | Elf:2    | Found a huge runed translucent gate.
 43674 | Elf:2    | Found a huge runed translucent gate.
 43939 | Elf:2    | Noticed a deep elf blademaster
 44262 | Elf:2    | Killed a deep elf blademaster
 45346 | Elf:1    | Received a gift from Sif Muna
 45347 | Elf:1    | Got Sif Muna's Catalogue of the Cunning Tesseract {god
                  | gift}
 45473 | Elf:3    | Entered Level 3 of the Elven Halls
 45585 | Elf:3    | Noticed Saint Roka
 45601 | Elf:3    | Killed Saint Roka
 45892 | Elf:3    | Your ally Saint Roka died
 45893 | Elf:3    | Reached XP level 20. HP: 59/124 MP: 15/34
 45903 | Elf:3    | Reached skill level 1 in Hexes
 46176 | Orc:2    | Learned a level 5 spell: Summon Mana Viper
 46939 | Elf:3    | Identified the +5 morningstar "Molaluop" {flame, Dex+3
                  | Stlth+}
 47398 | Elf:3    | Identified the +1 robe of the Rhinotaur {rElec Slay+5}
 47486 | Elf:3    | Paralysed by an air elemental for 1 turns
 47491 | Elf:3    | Paralysed by an air elemental for 1 turns
 47500 | Elf:3    | Paralysed by an air elemental for 1 turns
 47873 | Elf:3    | Identified the +10 spear of Fureg {venom, rElec rC+++ Int-5
                  | Dex+2}
 47873 | Elf:3    | Identified the +0 robe of Gravitas {Str+4 Dex+4}
 47967 | Elf:3    | Received a gift from Sif Muna
 47968 | Elf:3    | Got Sif Muna's Teachings on the Welkin and Injury {god
                  | gift}
 48095 | Elf:3    | Identified the staff "Uraruc" {^Drain rElec rPois rN+
                  | Alchemy}
 48097 | Elf:3    | Identified the staff "Leviticus" {rPois rF+ Stlth+ Alchemy}
 48100 | Elf:3    | Identified the staff "Taokluu" {rPois Str+3 Alchemy}
 48126 | Elf:3    | Identified the staff "Telauf" {^Fragile rElec rPois rF+
                  | Will+ SInv Air}
 48422 | Elf:3    | Got the Encyclopedia of Virulence and Anthracomancy
 48579 | Elf:3    | Learned a level 2 spell: Blink
 48823 | Spider:1 | Entered Level 1 of the Spider Nest
 48836 | Spider:1 | Identified the +6 arbalest of the Changing Queen {flame,
                  | rElec Str+2}
 49076 | Spider:1 | Reached skill level 10 in Evocations
 49512 | Spider:1 | Reached XP level 21. HP: 67/129 MP: 10/38
 49886 | Spider:1 | Learned a level 4 spell: Martyr's Knell
 50081 | Spider:2 | Found a runed translucent door.
 50081 | Spider:2 | Noticed Odusm's ghost (adept MfFi)
 50089 | Spider:2 | Killed Odusm's ghost
 50129 | Spider:2 | Received a gift from Sif Muna
 50134 | Spider:2 | Got Sif Muna's Spellbook of the Arenous Legion {god gift}
 52005 | Spider:4 | Entered Level 4 of the Spider Nest
 52156 | Spider:4 | Identified a scroll of acquirement
 52156 | Spider:4 | Acquired the ring of Fallacy {*Corrode rC- Will+ Int+8
                  | SInv}
 52293 | Spider:4 | Noticed Bai Suzhen
 52331 | Spider:4 | Killed Bai Suzhen
 52976 | Spider:4 | Received a gift from Sif Muna
 52977 | Spider:4 | Got Sif Muna's Opusculum on Transformed Concussion {god
                  | gift}
 53041 | Spider:4 | Found the -2 hat of the Alchemist {rElec rPois rF+ rC+ rN+
                  | Will+ rMut rCorr}
 53170 | Spider:4 | Got a gossamer rune of Zot
 53535 | Vaults:1 | Entered Level 1 of the Vaults
 53731 | Vaults:1 | Reached skill level 15 in Spellcasting
 55116 | Vaults:2 | Noticed Norris
 55126 | Vaults:2 | Killed Norris
 55228 | Vaults:2 | Reached XP level 22. HP: 97/137 MP: 11/42
 55704 | Vaults:2 | Found Citavelo's Jewellery Shoppe.
 55735 | Vaults:2 | Reached skill level 11 in Necromancy
 55756 | Vaults:2 | Noticed Mara
 55773 | Vaults:2 | Killed Mara
 56047 | Vaults:2 | Received a gift from Sif Muna
 56061 | Vaults:2 | Got Sif Muna's Collected Works on Toxicology and
                  | Bombardment {god gift}
 56890 | Vaults:3 | Noticed Asterion
 56901 | Vaults:3 | Killed Asterion
 57248 | Vaults:3 | Reached skill level 10 in Conjurations
 57255 | Vaults:3 | Learned a level 6 spell: Bombard
 57599 | Vaults:3 | Identified the +0 chain mail of Anaesthesia {SInv}
 57927 | Vaults:3 | Noticed Xtahua
 57947 | Vaults:3 | Killed Xtahua
 58098 | Vaults:3 | Found a staircase to the Crypt.
 58118 | Vaults:3 | Reached skill level 12 in Necromancy
 59003 | Vaults:4 | Reached XP level 23. HP: 84/142 MP: 8/43
 59020 | Vaults:4 | Reached skill level 13 in Necromancy
 59417 | Vaults:4 | Found Sesykleg's Weapon Shoppe.
 59943 | Vaults:4 | Received a gift from Sif Muna
 59944 | Vaults:4 | Got Sif Muna's Quarto of the Congregation and Attacks {god
                  | gift}
 60156 | Orc:2    | Learned a level 7 spell: Haunt
 61145 | Crypt:1  | Entered Level 1 of the Crypt
 61203 | Crypt:1  | Found a magical portal.
 61216 | WizLab   | Entered Borgnjor's Mausoleum
 61396 | WizLab   | Reached skill level 14 in Necromancy
 61894 | WizLab   | Reached skill level 15 in Necromancy
 62070 | WizLab   | Got the Compilation of Superposition
 62481 | Crypt:1  | Received a gift from Sif Muna
 62726 | Crypt:1  | Reached skill level 16 in Necromancy
 63014 | Crypt:1  | Found an ancient bone altar of Kikubaaqudgha.
 64368 | Crypt:1  | Found an ancient bone altar of Kikubaaqudgha.
 64391 | Crypt:1  | Reached skill level 17 in Necromancy
 64826 | Crypt:2  | Received a gift from Sif Muna
 64878 | Crypt:2  | Reached XP level 24. HP: 135/146 MP: 24/43
 64992 | Crypt:2  | Found the +9 sword of Zonguldrok {reap}
 65559 | Crypt:2  | Reached skill level 18 in Necromancy
 65587 | Crypt:2  | Learned a level 8 spell: Infestation
 65700 | Crypt:2  | Identified the +12 shortbow of Darkness {drain, rPois rF+
                  | Str+3 Int+4}
 65701 | Crypt:2  | Identified the +6 flail "jagoly's Curse" {antimagic, Will++
                  | rCorr Dex+3}
 65903 | Crypt:2  | Found the +3 Mad Mage's Maulers {Infuse+∞ VampMP -Cast}
 66459 | Crypt:2  | Identified the ring "Veixt" {Ice rPois Will- Dex+3}
 66750 | Crypt:2  | Identified the +8 shortbow of Equilibrium {elec, Will+
                  | Str+3 Dex+3}
 66752 | Crypt:2  | Identified the ring of Wetole {Will+ MP+9 Str+4}
 67176 | Crypt:3  | Entered Level 3 of the Crypt
 67189 | Crypt:3  | Noticed Zenata
 67195 | Crypt:3  | Killed Zenata
 67227 | Crypt:3  | Identified the +7 broad axe of Zeudghu {freeze, rN+ Str+2
                  | Int-3}
 67318 | Crypt:3  | Identified the +2 trident of Tenacity {protect, Will+}
 67375 | Crypt:3  | Received a gift from Sif Muna
 67377 | Crypt:3  | Got Sif Muna's Grimoire of Captivating Breccia {god gift}
 67496 | Crypt:3  | Noticed a royal mummy
 67498 | Crypt:3  | Killed a royal mummy
 67668 | Crypt:3  | Reached skill level 19 in Necromancy
 67871 | Crypt:3  | Found a staircase to the Tomb.
 68461 | Crypt:3  | Identified the +0 plate armour "Igexus" {+Inv}
 68551 | Crypt:3  | Identified the staff of Mastery {rN+ Str+3 Necro}
 68619 | Crypt:2  | Noticed Margery
 68661 | Crypt:2  | Killed Margery
 69154 | Slime:1  | Entered Level 1 of the Pits of Slime
 69162 | Slime:2  | Reached XP level 25. HP: 152/152 MP: 43/43
 69185 | Slime:1  | Learned a level 6 spell: Death Channel
 69376 | Slime:3  | Received a gift from Sif Muna
 69377 | Slime:3  | Reached skill level 20 in Necromancy
 69377 | Slime:3  | Got Sif Muna's Spellbook of Shadowy Accomplices {god gift}
 69399 | Slime:4  | Gained mutation: You sometimes lose your temper in combat.
                  | [a shining eye]
 69437 | Slime:5  | Entered Level 5 of the Pits of Slime
 69719 | Slime:5  | Reached skill level 15 in Dodging
 69721 | Slime:5  | Noticed the Royal Jelly
 69736 | Slime:5  | Killed the Royal Jelly
 69737 | Slime:5  | Reached skill level 15 in Fighting
 69886 | Slime:5  | Identified the +9 giant spiked club of Judgement {venom,
                  | *Noise rN+ Int+2}
 69919 | Slime:5  | Got a slimy rune of Zot
 69922 | Slime:5  | Identified the +0 chain mail of Kyuriega {*Corrode Will+
                  | Str+5 Dex+3}
 69924 | Slime:5  | Identified the +11 rapier of Discomfort {elec, rCorr MP-9
                  | Stlth+}
 69938 | Slime:5  | Identified the amulet of the Cockatrice {Faith ^Fragile
                  | Will++ Regen+ rCorr}
 69956 | Slime:5  | Identified the +2 chain mail of Jegoxexi {rF+}
 69959 | Slime:5  | Identified the +4 sling "Death Rattle" {freeze, rElec rF-
                  | rN+ Str+3}
 70197 | Lair:4   | Lost mutation: You sometimes lose your temper in combat.
                  | [potion of mutation]
 70197 | Lair:4   | Gained mutation: Your muscles are strong. (Str +4, Int/Dex
                  | -1) [potion of mutation]
 70197 | Lair:4   | Gained mutation: Your movements are slightly less
                  | encumbered by armour. (ER -2) [potion of mutation]
 70433 | D:1      | Bought a potion of brilliance for 44 gold pieces
 70433 | D:1      | Bought a potion of mutation for 88 gold pieces
 70557 | D:8      | Bought a scroll of teleportation for 45 gold pieces
 70557 | D:8      | Bought a scroll of teleportation for 45 gold pieces
 70576 | D:8      | Bought a potion of curing for 48 gold pieces
 70576 | D:8      | Bought a potion of curing for 48 gold pieces
 70576 | D:8      | Bought a potion of brilliance for 64 gold pieces
 70627 | D:9      | Bought a potion of brilliance for 80 gold pieces
 70627 | D:9      | Bought a scroll of fear for 80 gold pieces
 70884 | Vaults:5 | Entered Level 5 of the Vaults
 71058 | Vaults:5 | Identified the orb of Oblivion {light, rPois Regen+ Dex-2
                  | Fire}
 71058 | Vaults:5 | Noticed Frederick
 71061 | Vaults:5 | Killed Frederick
 71120 | Vaults:5 | Reached XP level 26. HP: 145/167 MP: 10/43
 71285 | Vaults:5 | Received a gift from Sif Muna
 71400 | Vaults:5 | Got a silver rune of Zot
 71516 | Vaults:5 | Noticed a dread lich
 71521 | Vaults:5 | Killed a dread lich
 71668 | Vaults:5 | Identified the +6 scimitar of Forgiveness {flame, rN+ Str-3
                  | Dex+3}
 71748 | Vaults:5 | Identified the +4 storm dragon scales of Awe {rElec rF++
                  | Will-}
 71884 | Vaults:5 | Reached skill level 21 in Necromancy
 72063 | Vaults:5 | Identified the +1 cloak of the Farrier {rElec rC++ rCorr
                  | Int-3}
 72064 | Vaults:5 | Identified the ring "Ovemiu" {rElec rCorr Dex+2}
 72404 | Vaults:5 | Identified the +1 leather armour "Fyrphun" {Str+2 Dex+3}
 72714 | Depths:1 | Entered Level 1 of the Depths
 72774 | Depths:1 | Received a gift from Sif Muna
 72789 | Depths:1 | Found a runed translucent door.
 72789 | Depths:1 | Noticed Zagger's ghost (veteran DjFE)
 72968 | Depths:1 | Found a one-way gateway to a ziggurat.
 72993 | Depths:1 | Identified the +8 arbalest of Equilibrium {heavy, rPois rC+
                  | rN+}
 73008 | Depths:1 | Found a one-way gate leading to the halls of Pandemonium.
 73073 | Depths:1 | Found a gateway to Hell.
 73453 | Depths:1 | Reached skill level 22 in Necromancy
 73824 | Depths:2 | Received a gift from Sif Muna
 73828 | Depths:2 | Got Sif Muna's Almanac of Combat Magic and Embers {god
                  | gift}
 74120 | Depths:2 | Reached XP level 27. HP: 118/172 MP: 9/43
 74158 | Depths:2 | Reached skill level 23 in Necromancy
 75590 | Depths:3 | Reached skill level 24 in Necromancy
 75730 | Depths:3 | Received a gift from Sif Muna
 75744 | Depths:3 | Noticed Parghit
 75749 | Depths:3 | Killed Parghit
 76394 | Depths:3 | Found a one-way gate to the infinite horrors of the Abyss.
 76680 | Depths:4 | Entered Level 4 of the Depths
 76728 | Depths:4 | Reached skill level 25 in Necromancy
 76859 | Depths:4 | Found a bloodstained altar of Trog.
 77116 | Depths:4 | Received a gift from Sif Muna
 77117 | Depths:4 | Got Sif Muna's Codex of Wintry Traumaturgy {god gift}
 77119 | Depths:4 | Found a gate to the Realm of Zot.
 77755 | Depths:4 | Found a portal to a secret trove of treasure.
 77767 | Trove    | Entered a treasure trove
 77771 | Trove    | Identified the ring of Circularity {rElec rN+ Will+ Int-3}
 77778 | Trove    | Identified the amulet of Royalty {Faith rElec Slay+5}
 77787 | Trove    | Identified the ring "Wama" {rN+ Will+ Dex+3}
 77789 | Trove    | Identified the ring of the Amoeba {^Drain rF++ AC+4}
 77791 | Trove    | Identified the amulet of Xoisif {Acrobat ^Contam rF++}
 77793 | Trove    | Identified the ring of Xom's Malicious Joy {rN+ Will+
                  | Int+4}
 78464 | Depths:3 | Voluntarily entered the Abyss.
 78522 | Abyss:1  | Found a corrupted altar of Lugonu.
 78523 | Abyss:1  | Found a corrupted altar of Lugonu.
 78523 | Abyss:1  | Found a corrupted altar of Lugonu.
 78705 | Abyss:1  | Reached skill level 26 in Necromancy
 78829 | Abyss:1  | Found a corrupted altar of Lugonu.
 79178 | Abyss:3  | Gained mutation: You have hidden genetic defects. [a
                  | cacodemon]
 79224 | Abyss:3  | Got an abyssal rune of Zot
 79235 | Depths:3 | Escaped the Abyss
 79451 | Zot:1    | Entered Level 1 of the Realm of Zot
 79572 | Zot:1    | Reached skill level 27 in Necromancy
 79703 | Zot:1    | Found a transporter.
 79754 | Zot:1    | Identified the ring "Yminn" {Fly rF+ Dex+5}
 79792 | Zot:1    | Found a transporter.
 80153 | Zot:1    | You are sucked into a shaft and drop 1 floor!
 81652 | Zot:2    | Learned a level 9 spell: Death's Door
 82912 | Zot:4    | Gained mutation: Your magical capacity is low. (-10% MP)
                  | [hidden defects]
 83211 | Zot:4    | Found a transporter.
 83830 | Zot:4    | Found a white marble altar of Elyvilon.
 83832 | Zot:4    | Found a glowing golden altar of the Shining One.
 83858 | Zot:4    | Found a glowing silver altar of Zin.
 83986 | Zot:5    | Entered Level 5 of the Realm of Zot
 84313 | Zot:5    | Noticed an orb of fire
 84316 | Zot:5    | Gained mutation: You sometimes lose your temper in combat.
                  | [an orb of fire]
 84317 | Zot:5    | Killed an orb of fire
 84321 | Zot:5    | Noticed a Killer Klown
 84323 | Zot:5    | Noticed an orb of fire
 84329 | Zot:5    | Killed a Killer Klown
 84335 | Zot:5    | Killed an orb of fire
 84369 | Zot:5    | Gained mutation: You occasionally lose the ability to drink
                  | potions when taking damage. [hidden defects]
 84369 | Zot:5    | Lost mutation: You have hidden genetic defects. [hidden
                  | defects expressed]
 84393 | Zot:5    | Noticed a Killer Klown
 84394 | Zot:5    | Noticed a Killer Klown
 84403 | Zot:5    | Killed a Killer Klown
 84404 | Zot:5    | Noticed an orb of fire
 84406 | Zot:5    | Killed a Killer Klown
 84406 | Zot:5    | Noticed an ancient lich
 84408 | Zot:5    | Noticed a Killer Klown
 84409 | Zot:5    | Noticed a dread lich
 84410 | Zot:5    | Noticed an ancient lich
 84410 | Zot:5    | Noticed an ancient lich
 84411 | Zot:5    | Killed an ancient lich
 84411 | Zot:5    | Killed an ancient lich
 84414 | Zot:5    | Killed an orb of fire
 84415 | Zot:5    | Killed a Killer Klown
 84416 | Zot:5    | Killed an ancient lich
 84419 | Zot:5    | Killed a dread lich
 84440 | Zot:5    | Noticed a dread lich
 84451 | Zot:5    | Killed a dread lich
 84663 | Zot:5    | Lost mutation: Your movements are slightly less encumbered
                  | by armour. (ER -2) [potion of mutation]
 84663 | Zot:5    | Lost mutation: You occasionally lose the ability to drink
                  | potions when taking damage. [potion of mutation]
 84663 | Zot:5    | Lost mutation: Your muscles are strong. (Str +4, Int/Dex
                  | -1) [potion of mutation]
 84663 | Zot:5    | Gained mutation: You occasionally shout uncontrollably at
                  | your foes. [potion of mutation]
 84664 | Zot:5    | Lost mutation: Your magical capacity is low. (-10% MP)
                  | [potion of mutation]
 84664 | Zot:5    | Lost mutation: You sometimes lose your temper in combat.
                  | [potion of mutation]
 84664 | Zot:5    | Lost mutation: You occasionally shout uncontrollably at
                  | your foes. [potion of mutation]
 84664 | Zot:5    | Gained mutation: You are clumsy. (Dex -2) [potion of
                  | mutation]
 84664 | Zot:5    | Gained mutation: Your muscles are strong. (Str +4, Int/Dex
                  | -1) [potion of mutation]
 84664 | Zot:5    | Gained mutation: You are partially covered in iridescent
                  | scales. (AC +2) [potion of mutation]
 84828 | Zot:5    | Got the Orb of Zot
 84838 | Zot:5    | Noticed Eragunk the pandemonium lord
 85379 | D:$      | Escaped with the Orb!

Illustrated notes

Levels and vault maps discovered:
D:1:      minmay_arrival_semitransparent, layout_basic, serial_shops,
          nicolae_shop_back_alley_shop
D:2:      layout_basic
D:3:      layout_rooms, nemelex_diamond_rough_becter,
          nicolae_hepliaklqana_hazy_memory
D:4:      layout_gridville, grunt_gozag_statues, minitemple, st_stairs_8,
          serial_bayou_lagoon_b
D:5:      layout_loops_ring, minmay_temple_entry_proselytizer,
          kennysheep_generic_room_4, uniq_eustachio
D:6:      dreamdust_elfheim, layout_cave_pools
D:7:      layout_rooms
D:8:      layout_cave_pools, serial_shops, shop, nicolae_shop_statue_plus,
          nicolae_shop_tiny_glass, minmay_misc_feat_x, uniq_grum
D:9:      minmay_cornered_nines, layout_loops_corners, lemuel_crystal_altar,
          nicolae_qazlal_general_emergency, serial_shops,
          nicolae_shop_overgrown_old_shop
D:10:     layout_roguey, david_lair_shrubbed, minmay_orc_entry_guard_dogs,
          uniq_urug
D:11:     layout_loops_ring, uniq_harold, uniq_maurice
D:12:     layout_basic, serial_shops, nicolae_shop_statue_plus,
          nicolae_ru_awakened_eye
D:13:     layout_stronghold, beargit_elvish_explorers
D:14:     layout_loops_ring, david_vaults_1, good_gods_mini_temple, uniq_azrael,
          uniq_rupert
D:15:     grunt_enter_depths_hoard, layout_irregular_city, fedhas_altar_1,
          serial_shops, nicolae_shop_statue_plus
Temple:   nicolae_temple_figure_eight
Lair:1:   layout_gridlike, ebering_ghost_xom, infiniplex_staircase_pool,
          grunt_megastairs_2
Lair:2:   layout_long_grid, nicolae_shoals_entry_roost,
          hellmonk_spider_entry_life_and_decay, grunt_forest_large_clearings
Lair:3:   layout_chaotic_city, basic_altar, st_stairs_12
Lair:4:   layout_long_grid, slime_entry_1
Lair:5:   grunt_lair_end_beastmaster, layout_concentric_octagons,
          nicolae_lair_lil_pond, grunt_megastairs_4, lemuel_fruit_tree,
          infiniplex_staircase_pool_2
Shoals:1: layout_shoals, portal_ice_cave_entry_ice_statue_two,
          nicolae_shoals_stone_sculpture_thing, regret_index_shoals_crete
Shoals:2: layout_shoals, nicolae_shoals_lost_giant_pillars
Shoals:3: layout_shoals, serial_shops, nicolae_shop_rolled_up
Shoals:4: shoals_end_grunt_ice, layout_shoals
Spider:1: nicolae_spider_corner
Spider:2: layout_spider_delve, gammafunk_ghost_grave
Spider:3: layout_chambers
Spider:4: grunt_spider_rune_circles, uniq_bai_suzhen
Slime:1:  layout_caves
Slime:2:  layout_caves
Slime:3:  layout_caves
Slime:4:  layout_caves
Slime:5:  slime_pit_nicolae_royal_road_to_ruin
Orc:1:    layout_caves, mines2_david
Orc:2:    st_orc_rangers, layout_caves, basic_altar, gauntlet_entry_generic,
          serial_shops, nicolae_shop_tiny_glass, sword_in_stone, uniq_donald
Elf:1:    eino_elf_arrival_shootout, layout_gridlike, hangedman_elf_represent,
          roderic_lattice_octagonal_star
Elf:2:    elven_hall_of_blades_hangedman_alternative [nicolae_blade_tridents],
          layout_gridlike, small_chamber_with_monster,
          serial_sigils_hangedman_clutch
Elf:3:    nooodl_elf_gasket, layout_geoelf_grid,
          nicolae_elf_vaults_five_recruitment_drive, uniq_saint_roka
Vaults:1: nicolae_vaults_tangram_2, nicolae_vaults_tetromino_L_1,
          grunt_vaults_swirl, nicolae_vaults_tetromino_Z_1,
          nicolae_vaults_wine_cellar, nicolae_vaults_two_Ls,
          layout_vaults_omnigrid
Vaults:2: v_alt_pattern_6, hangedman_vaults_stretched_pinwheel, v_rooms_4,
          v_misc_14, nicolae_vaults_crenellated_ambush, hangedman_vaults_slice,
          nicolae_vaults_cornered_office, nicolae_vaults_apartment_1,
          ontoclasm_vaults_ligature, dpeg_vaults_monster_box,
          layout_vaults_chaotic_city, serial_shops, shop, uniq_mara, uniq_norris
Vaults:3: v_misc_9, vaults_room_door_ring, blue_anna_dwarven_crypt, v_misc_22,
          ontoclasm_vaults_gateway, nicolae_vaults_mitosis, vaults_room_octagon,
          nicolae_vaults_three_branches, hangedman_vaults_cutoff,
          hangedman_vaults_corner_blocks, v_misc_26, hangedman_vaults_cutoff,
          ontoclasm_vaults_tryst, layout_vaults_omnibox, uniq_asterion,
          uniq_xtahua
Vaults:4: nicolae_vaults_meiosis, nicolae_vaults_whirlpool_walls,
          nicolae_vaults_back_hallway, nicolae_vaults_angled_halls,
          nicolae_vaults_two_Ls, hangedman_vaults_hat,
          nicolae_vaults_frosty_reception, v_alt_pattern_2,
          nicolae_vaults_house_1, v_alt_pattern_6, nicolae_vaults_tetromino_L_1,
          ontoclasm_vaults_misaligned, vaults_room_door_hall, v_misc_19,
          nicolae_vaults_little_squares_5, nicolae_vaults_trapezoid_3,
          layout_vaults_maze_bifur, serial_shops, shop
Vaults:5: uniq_frederick
Crypt:1:  layout_chaotic_city, infiniplex_enter_wizlab_glasses, basic_altar,
          grunt_crypt_arrival_split, lemuel_upstairs_altar, grunt_megastairs_5
Crypt:2:  nicolae_crypt_knochenhaus, layout_misc_corridors,
          minmay_guarded_unrand_zonguldrok, uniq_margery, uniq_grunn
Crypt:3:  due_elkab, layout_chaotic_city, uniq_zenata
Depths:1: layout_cave_pools, enter_ziggurat_b, grunt_hell_horde, pan_entry,
          ebering_ghost_inner_flame, serial_bayou, serial_bayou_pond_c,
          serial_bayou_shore_b, serial_bayou_pond_c, serial_bayou_pond_c,
          serial_sigils_hangedman_gut, kennysheep_kite_vault
Depths:2: minmay_box_of_curves, layout_basic, hell_entry, nicolae_two_hexagons,
          rand_demon_pan_entry_4, serial_bayou_shore_b
Depths:3: evilmike_horseshoe, layout_basic, hell_entry,
          hangedman_abyss_entry_splay, kennysheep_random_hallway, uniq_parghit
Depths:4: evilmike_zot_entry_round, layout_gridville, hell_entry,
          chequers_serial_rivers_micro_b, trove_entry_hex_spiral,
          rand_demon_pan_entry_1, bloody_trog
Zot:1:    gammafunk_the_bubble [the_bubble_gammafunk_grid], layout_basic,
          st_stairs_7, regret_index_zotdec_golden_two_three, grunt_ministairs_1
Zot:2:    layout_basic, regret_index_zotdec_icy_dp
Zot:3:    layout_onion, st_small_dragon_hoard_4, skrybe_zot_glass_1
Zot:4:    layout_basic, regret_index_zotdec_alabaster_prism,
          hangedman_zot_wheel_spokes, grunt_ministairs_15, nicolae_diode_basic
Zot:5:    layout_gridlike, st_stairs_13

Skill      XL: |  1  2  3  4  5  6  7  8  9 10 11 12 13 14 15 16 17 18 19 20 21 22 23 24 25 26 27 |
---------------+----------------------------------------------------------------------------------+-----
Stealth        | 3 4 5 6 8 10 | 10.0
Spellcasting   | 3 5 6 8 10 13 16 18 | 18.0
Necromancy     | 5 7 8 9 10 12 17 19 20 22 27 | 27.0
Fighting       | 1 2 3 6 7 8 10 11 12 13 14 17 18 22 | 22.0
Short Blades   | 3 4 6 8 10 14 | 14.0
Dodging        | 3 6 7 8 10 11 12 13 14 16 18 | 18.0
Conjurations   | 3 5 6 8 11 12 | 12.0
Earth Magic    | 3 5 6 10 11 12 | 12.0
Evocations     | 2 4 6 8 9 10 | 10.0
Throwing       | 2 |  2.0
Invocations    | 6 8 12 14 | 14.0
Shields        | 5 6 7 8 |  8.0
Translocations | 3 4 |  4.0
Summonings     | 5 12 16 | 16.0
Hexes          | 2 |  2.0

Action                     |  1- 3 |  4- 6 |  7- 9 | 10-12 | 13-15 | 16-18 | 19-21 | 22-24 | 25-27 || total
---------------------------+-------+-------+-------+-------+-------+-------+-------+-------+-------++-------
  Melee: Short sword       |    10 |       |       |       |       |       |       |       |       ||    10
         Punch             |     1 |       |     2 |     9 |    10 |       |       |       |       ||    22
         Dagger            |       |    21 |    47 |   101 |   525 |   183 |   170 |    80 |       ||  1127
         Rapier            |       |       |       |       |    12 |     7 |       |       |       ||    19
         Long sword        |       |       |       |       |       |    14 |    20 |       |       ||    34
         Quick blade       |       |       |       |       |       |       |   123 |   344 |   790 ||  1257
  Throw: Dart              |       |     2 |     2 |       |     6 |    14 |     3 |     1 |       ||    28
         Throwing net      |       |     1 |       |       |     3 |     5 |     2 |     2 |       ||    13
         Boomerang         |       |       |       |       |       |       |     1 |       |       ||     1
   Cast: Necrotise         |    56 |    81 |    86 |     6 |       |       |       |       |       ||   229
         Stone Arrow       |       |       |    47 |   155 |   350 |   579 |   222 |    73 |       ||  1426
         Dispel Undead     |       |       |     2 |     5 |     7 |    35 |    10 |   316 |    41 ||   416
         Vampiric Draining |       |       |     4 |    58 |    23 |    29 |     2 |       |       ||   116
         Animate Dead      |       |       |       |     4 |    14 |    18 |    14 |     6 |       ||    56
         Dispersal         |       |       |       |       |     1 |       |       |       |       ||     1
         Sublimation of Bl |       |       |       |       |       |   208 |   333 |   179 |   262 ||   982
         Iskenderun's Myst |       |       |       |       |       |    13 |     8 |     5 |    24 ||    50
         Call Canine Famil |       |       |       |       |       |    16 |     5 |       |       ||    21
         Monstrous Menager |       |       |       |       |       |    59 |   110 |    65 |    30 ||   264
         Borgnjor's Vile C |       |       |       |       |       |       |   295 |   120 |   179 ||   594
         Summon Mana Viper |       |       |       |       |       |       |    59 |    15 |     2 ||    76
         Martyr's Knell    |       |       |       |       |       |       |     2 |       |       ||     2
         Bombard           |       |       |       |       |       |       |       |    81 |   186 ||   267
         Summon Horrible T |       |       |       |       |       |       |       |     2 |     1 ||     3
         Dragon's Call     |       |       |       |       |       |       |       |     1 |     2 ||     3
         Blink             |       |       |       |       |       |       |       |     3 |     3 ||     6
         Infestation       |       |       |       |       |       |       |       |    48 |   233 ||   281
         Haunt             |       |       |       |       |       |       |       |     1 |    38 ||    39
         Death Channel     |       |       |       |       |       |       |       |       |    55 ||    55
 Invoke: Divine Exegesis   |       |       |       |       |     1 |       |       |     3 |     3 ||     7
         Channel Magic     |       |       |       |       |       |     8 |     9 |    11 |    22 ||    50
  Evoke: Wand              |       |       |     3 |    16 |    18 |    25 |    14 |     2 |    10 ||    88
         Box of beasts     |       |       |       |       |     1 |     2 |       |       |     2 ||     5
         Phantom mirror    |       |       |       |       |       |     1 |     2 |       |     1 ||     4
         Phial of floods   |       |       |       |       |       |       |       |       |     1 ||     1
         Condenser vane    |       |       |       |       |       |       |       |       |     1 ||     1
    Use: Potion            |       |       |     1 |       |     1 |     5 |     5 |     4 |    39 ||    55
         Scroll            |       |       |       |     5 |     8 |    18 |    11 |    10 |    16 ||    68
   Stab: Sleeping          |     1 |     2 |     4 |     4 |    22 |     7 |     6 |    50 |     9 ||   105
         Distracted        |     1 |       |     1 |     1 |    13 |    12 |    19 |    11 |    23 ||    81
         Held in net/web   |       |       |       |       |     3 |     4 |       |       |       ||     7
         Paralysed         |       |       |       |       |       |       |     2 |     1 |       ||     3
         Confused          |       |       |       |       |       |       |     1 |       |       ||     1
 Armour: Robe              |     3 |    17 |    21 |       |    60 |   257 |   240 |   296 |   325 ||  1219
         Animal skin       |       |       |    11 |    23 |       |       |       |       |       ||    34
         Steam dragon scal |       |       |       |    70 |   182 |       |       |       |       ||   252
  Dodge: Dodged            |    11 |    31 |    56 |   125 |   418 |   369 |   327 |   433 |   417 ||  2187
  Block: Buckler           |       |       |       |       |   163 |   258 |   189 |   236 |   186 ||  1032

Table legend: (Time is in decaauts)
 A = Elapsed time spent in this place.
 B = Non-inter-level travel time spent in this place.
 C = Inter-level travel time spent in this place.
 D = Time resting spent in this place.
 E = Time spent auto-exploring this place.
 F = Levels seen in this place.
 G = Mean time per level.
                   A        B        C        D        E       F      G
               +--------+--------+--------+--------+--------+-----+--------+
         Total |  84732 |  76357 |   8375 |  13217 |  34429 |  63 | 1345.0 |
       Dungeon |  23207 |  19290 |   3917 |   4031 |   7743 |  15 | 1547.1 |
        Temple |     42 |      2 |     40 |      0 |      0 |   1 |   42.0 |
          Lair |  10151 |   9404 |    747 |   1901 |   5008 |   5 | 2030.2 |
        Shoals |   5685 |   5391 |    294 |   1390 |   1018 |   4 | 1421.2 |
   Spider Nest |   4777 |   4329 |    448 |    562 |   2307 |   4 | 1194.2 |
    Slime Pits |   1024 |    932 |     92 |    296 |      0 |   5 |  204.8 |
  Orcish Mines |   2662 |   2197 |    465 |    216 |   1228 |   2 | 1331.0 |
   Elven Halls |   7469 |   6987 |    482 |   1639 |   2625 |   3 | 2489.7 |
        Vaults |   8758 |   7969 |    789 |    287 |   5429 |   5 | 1751.6 |
         Crypt |   6826 |   6433 |    393 |   1445 |   2859 |   3 | 2275.3 |
        Depths |   5956 |   5553 |    403 |    485 |   2872 |   4 | 1489.0 |
           Zot |   5373 |   5069 |    304 |    246 |   3124 |   5 | 1074.6 |
         Abyss |    762 |    762 |      0 |     11 |      0 |   3 |  254.0 |
         Trove |     33 |     33 |      0 |      0 |      1 |   1 |   33.0 |
      Ice Cave |    445 |    445 |      0 |    171 |     68 |   1 |  445.0 |
        Wizlab |    952 |    952 |      0 |    344 |    147 |   1 |  952.0 |
      Gauntlet |    600 |    600 |      0 |    193 |      0 |   1 |  600.0 |
               +--------+--------+--------+--------+--------+-----+--------+

Top non-repeatable levels by time:
  Lair:5: 3166 daAuts
 Crypt:2: 3133 daAuts
   Elf:3: 2968 daAuts
    D:10: 2589 daAuts
   Elf:2: 2583 daAuts
 Crypt:1: 2234 daAuts
    D:13: 2146 daAuts
    D:11: 2104 daAuts
  Lair:2: 2037 daAuts
  Lair:1: 2036 daAuts
     D:9: 1994 daAuts
Vaults:2: 1948 daAuts
Shoals:4: 1931 daAuts
   Elf:1: 1917 daAuts
Shoals:1: 1878 daAuts
